 Dungeon Crawl Stone Soup version 0.31-a0-1576-ga3383bade6 (webtiles) character file.

Game seed: 6898533569428609372

12580541 beholder the Bringer of Light (level 27, 323/323 HPs)
             Began as an Oni Air Elementalist on Dec 27, 2023.
             Was the Champion of the Shining One.
             Escaped with the Orb
             ... and 15 runes
             ... and 3 gems on Jan 4, 2024!
             The game lasted 20:45:16 (133256 turns).

beholder the Bringer of Light (OnAE)              Turns: 133256, Time: 20:45:17

Health: 323/323    AC: 46    Str: 37    XL:     27
Magic:  16/36      EV: 23    Int: 14    God:    the Shining One [******]
Gold:   15986      SH: 45    Dex: 14    Spells: 0/46 levels left

rFire   + + +        W - +9 sacred scourge (holy)
rCold   + + +        U - +4 tower shield {reflect}
rNeg    + + +        J - +12 gold dragon scales
rPois   +            X - +2 hat
rElec   +            N - +1 cloak of Starlight {*Dazzle EV+4 Stlth--}
rCorr   +            (gloves unavailable)
SInv    .            (boots unavailable)
Will    ++...        I - amulet of Kohueb {Faith rElec Str+3} Stlth
                     i - ring "Woafooqa" {rC+ rCorr EV+5 Str+4 Int-5 Dex+3}
HPRegen 0.73/turn    f - ring "Diebim" {rElec rF++ rC+ Int+3 Slay+2}
MPRegen 0.25/turn

%: reflection, clarity, faith
@: mighty, brilliant, divinely shielded, resistant, disjoining, hasted, glowing,
studying 3 skills, very quick
A: large, unfitting armour, horns 1, tough skin 1, double potion healing,
drunken brawling, iridescent scales 1, thin skeletal structure 1, clarity, low
MP 1, electricity resistance, noise suppression
0: Orb of Zot
}: 15/15 runes: barnacled, slimy, silver, golden, iron, obsidian, icy, bone,
abyssal, demonic, glowing, magical, fiery, dark, gossamer
a: Renounce Religion, Divine Shield, Cleansing Flame, Summon Divine Warrior


You escaped.
You worshipped the Shining One.
The Shining One was exalted by your worship.
You visited 17 branches of the dungeon, and saw 87 of its levels.
You visited Pandemonium 5 times, and saw 144 of its levels.
You visited the Abyss 1 time.
You also visited: Ossuary, Ice Cave and Wizlab.

You collected 20208 gold pieces.
You spent 4222 gold pieces at shops.

Inventory:

Hand Weapons
 a - a +9 eveningstar of freezing
 p - a +8 antimagic flail
 W - a +9 sacred scourge of holy wrath (weapon)
Missiles
 g - 148 large rocks (quivered)
 O - 5 throwing nets
 Q - 14 silver javelins
 V - 30 curare-tipped darts
Armour
 q - a scarf of shadows
 J - +12 gold dragon scales (worn)
 N - the +1 cloak of Starlight (worn) {*Dazzle EV+4 Stlth--}
   (You found it in a wizard's laboratory)

   *Dazzle:   It may blind those who miss an attack against the wearer in melee
   combat.
   EV+4:      It affects your evasion (+4).
   Stlth--:   It makes you much less stealthy.
 U - a +4 tower shield of reflection (worn)
 X - a +2 hat (worn)
Jewellery
 f - the ring "Diebim" (right hand) {rElec rF++ rC+ Int+3 Slay+2}
   (You took it off a deep elf annihilator on level 5 of the Vaults)

   [ring of protection from cold]

   Int+3:     It affects your intelligence (+3).
   Slay+2:    It affects your accuracy & damage with ranged weapons and melee
   (+2).
   rF++:      It greatly protects you from fire.
   rC+:       It protects you from cold.
   rElec:     It insulates you from electricity.
 i - the ring "Woafooqa" (left hand) {rC+ rCorr EV+5 Str+4 Int-5 Dex+3}
   (You found it in Pandemonium)

   [ring of evasion]

   EV+5:      It affects your evasion (+5).
   Str+4:     It affects your strength (+4).
   Int-5:     It affects your intelligence (-5).
   Dex+3:     It affects your dexterity (+3).
   rC+:       It protects you from cold.
   rCorr:     It protects you from acid and corrosion.
 v - the ring of Hepnah {rPois Will++ Int-3 Slay+4 Stlth+}
   (You took it off an ogre mage on level 5 of the Vaults)

   [ring of slaying]

   Int-3:     It affects your intelligence (-3).
   Slay+4:    It affects your accuracy & damage with ranged weapons and melee
   (+4).
   rPois:     It protects you from poison Will++: It greatly increases your
   willpower.
   Stlth+:    It makes you more stealthy.
 I - the amulet of Kohueb (around neck) {Faith rElec Str+3}
   (You found it in Pandemonium)

   [amulet of faith]

   Faith:     It allows you to gain divine favour quickly.
   Str+3:     It affects your strength (+3).
   rElec:     It insulates you from electricity.
Wands
 t - a wand of polymorph (50)
 x - a wand of paralysis (75)
 E - a wand of roots (93)
 G - a wand of mindburst (109)
 S - a wand of quicksilver (44)
 T - a wand of digging (43)
Scrolls
 k - 4 scrolls of revelation
 n - 14 scrolls of fog
 o - 10 scrolls of blinking
 s - 6 scrolls of immolation
 u - 4 scrolls of silence
 y - 19 scrolls of teleportation
 D - 12 scrolls of fear
 F - 14 scrolls of vulnerability
 P - 7 scrolls of poison
 R - 7 scrolls of summoning
Potions
 b - 11 potions of magic
 c - 14 potions of cancellation
 d - 47 potions of curing
 l - 10 potions of mutation
 m - 3 potions of resistance
 r - 17 potions of brilliance
 w - 8 potions of might
 z - 5 potions of haste
 A - 23 potions of heal wounds
 B - 15 potions of berserk rage
 H - 10 potions of ambrosia
 K - 7 potions of lignification
 L - 9 potions of attraction
 Y - 11 potions of enlightenment
Miscellaneous
 e - a phantom mirror (inert)
 h - a figurine of a ziggurat
 j - a sack of spiders (inert)
 C - a lightning rod (4/4)
 M - a tin of tremorstones (2/2)
 Z - a phial of floods


   Skills:
 O Level 27 Fighting
 - Level 26.0 Maces & Flails
 + Level 21.9 Throwing
 O Level 27 Armour
 - Level 20.0 Dodging
 - Level 1.4 Stealth
 O Level 27 Shields
 - Level 10.0 Spellcasting
 - Level 1.0 Conjurations
 - Level 10.0 Hexes
 O Level 27 Translocations
 - Level 17.0 Air Magic
 - Level 10.0 Earth Magic
 O Level 27 Invocations
 - Level 20.0 Evocations


You couldn't memorise any spells.
You knew the following spells:

 Your Spells              Type           Power      Damage    Failure   Level
a - Manifold Assault      Tloc           89%        N/A       0%          4
b - Blink                 Tloc           100%       N/A       0%          2
c - Lesser Beckoning      Tloc           100%       N/A       0%          2
d - Dimensional Bullseye  Hex/Tloc       36%        N/A       1%          4
e - Apportation           Tloc           100%       N/A       0%          1
f - Dispersal             Tloc           44%        N/A       1%          6
g - Passage of Golubria   Tloc           89%        N/A       0%          4
j - Disjunction           Tloc           44%        N/A       4%          8
l - Silence               Hex/Air        30%        N/A       4%          5
p - Passwall              Erth           51%        N/A       1%          3
v - Vhi's Electric Charg  Tloc/Air       100%       N/A       1%          4
w - Swiftness             Air            69%        N/A       1%          3

Your spell library contained the following spells:

 Spells                   Type           Power      Damage    Failure   Level
 Gell's Gravitas          Tloc           89%        N/A       0%          3
 Teleport Other           Tloc           89%        N/A       0%          3
 Sandblast                Erth           100%       2d20      1%          1
 Shock                    Conj/Air       100%       1d9       1%          1
 Slow                     Hex            100%       N/A       1%          1
 Jinxbite                 Hex            100%       N/A       1%          2
 Mercury Vapours          Alch/Air       92%        N/A       1%          2
 Momentum Strike          Conj/Tloc      100%       3d10      1%          2
 Static Discharge         Conj/Air       96%        3-7/arc   1%          2
 Confusing Touch          Hex            51%        N/A       1%          3
 Sigil of Binding         Hex            51%        N/A       1%          3
 Tukima's Dance           Hex            51%        N/A       1%          3
 Volatile Blastmotes      Fire/Tloc      100%       2d18      1%          3
 Airstrike                Air            34%        2d(5-21)  1%          4
 Iskenderun's Mystic Bla  Conj/Tloc      62%        2d13      1%          4
 Summon Forest            Summ/Tloc      30%        N/A       4%          5
 Cigotuvi's Dreadful Rot  Necr/Alch/Air  68%        N/A       6%          2
 Cause Fear               Hex            25%        N/A       7%          4
 Ensorcelled Hibernation  Hex/Ice        62%        N/A       8%          2
 Mephitic Cloud           Conj/Alch/Air  35%        N/A       11%         3
 Summon Lightning Spire   Summ/Air       46%        N/A       12%         4
 Dazzling Flash           Conj/Hex       66%        N/A       13%         3
 Stone Arrow              Conj/Erth      66%        3d11      13%         3
 Inner Flame              Hex/Fire       31%        N/A       16%         3
 Lee's Rapid Deconstruct  Erth           25%        3d14*     19%         5
 Magic Dart               Conj           56%        1d5       26%         1
 Arcjolt                  Conj/Air       24%        1d34      28%         5
 Foxfire                  Conj/Fire      48%        2x1d6     32%         1
 Kiss of Death            Conj/Necr      48%        2d9       32%         1
 Sting                    Conj/Alch      48%        1d6       32%         1
 Freeze                   Ice            40%        1d6       38%         1
 Necrotise                Necr           40%        1d6       38%         1
 Summon Small Mammal      Summ           40%        N/A       38%         1
 Searing Ray              Conj           28%        2d5       38%         2
 Brom's Barrelling Bould  Conj/Erth      33%        2d5       38%         4
 Anguish                  Hex/Necr       15%        N/A       45%         4
 Animate Armour           Summ/Erth      62%        N/A       45%         4
 Leda's Liquefaction      Alch/Erth      15%        N/A       45%         4
 Petrify                  Alch/Erth      31%        N/A       45%         4
 Call Imp                 Summ           20%        N/A       52%         2
 Scorch                   Fire           20%        2d5       52%         2
 Sublimation of Blood     Necr           10%        N/A       52%         2
 Freezing Cloud           Conj/Ice/Air   17%        6-21      67%         5
 Hailstorm                Conj/Ice       12%        3d6       69%         3
 Call Canine Familiar     Summ           10%        N/A       77%         3
 Frozen Ramparts          Ice            20%        1d4       77%         3
 Fugue of the Fallen      Necr           10%        N/A       77%         3
 Ozocubu's Armour         Ice            10%        N/A       77%         3
 Summon Ice Beast         Ice/Summ       10%        N/A       77%         3
 Vampiric Draining        Necr           10%        2d6       77%         3
 Malign Gateway           Summ/Tloc      30%        N/A       80%         7
 Borgnjor's Vile Clutch   Necr/Erth      15%        N/A       82%         5
 Metabolic Englaciation   Hex/Ice        15%        N/A       82%         5
 Summon Mana Viper        Hex/Summ       31%        N/A       82%         5
 Yara's Violent Unravell  Hex/Alch       15%        3d8       82%         5
 Conjure Ball Lightning   Conj/Air       24%        3x3d7     83%         6
 Plasma Beam              Fire/Air       23%        2x1d35    88%         6
 Maxwell's Capacitive Co  Air            34%        ∞         94%         8
 Flame Wave               Conj/Fire      12%        2d6       97%         4
 Fulminant Prism          Conj/Alch      6%         3d6       97%         4
 Animate Dead             Necr           10%        N/A       99%         4
 Dispel Undead            Necr           10%        3d9       99%         4
 Ignite Poison            Fire/Alch      10%        N/A       99%         4
 Martyr's Knell           Necr/Summ      10%        N/A       99%         4
 Olgreb's Toxic Radiance  Alch           10%        N/A       99%         4
 Sticky Flame             Fire/Alch      10%        2d5       99%         4
 Summon Blazeheart Golem  Fire/Summ      10%        N/A       99%         4
 Enfeeble                 Hex            25%        N/A       99%         7
 Alistair's Intoxication  Alch           6%         N/A       100%        5
 Curse of Agony           Necr           10%        N/A       100%        5
 Fireball                 Conj/Fire      6%         3d5       100%        5
 Irradiate                Conj/Alch      6%         3d13      100%        5
 Iskenderun's Battlesphe  Conj           14%        2d7       100%        5
 Bombard                  Conj/Erth      16%        9d3       100%        6
 Eringya's Noxious Bog    Alch           5%         4d6       100%        6
 Sculpt Simulacrum        Ice/Alch       5%         N/A       100%        6
 Starburst                Conj/Fire      6%         6d4       100%        6
 Summon Cactus Giant      Summ           5%         N/A       100%        6
 Haunt                    Necr/Summ      5%         N/A       100%        7
 Monstrous Menagerie      Summ           5%         N/A       100%        7
 Orb of Destruction       Conj           7%         9d6       100%        7
 Ozocubu's Refrigeration  Ice            5%         4d8       100%        7
 Spellforged Servitor     Conj/Summ      6%         N/A       100%        7
 Summon Hydra             Summ           5%         N/A       100%        7
 Borgnjor's Revivificati  Necr           5%         N/A       100%        8
 Discord                  Hex            25%        N/A       100%        8
 Ignition                 Fire           5%         3d4       100%        8
 Infestation              Necr           5%         N/A       100%        8
 Lehudib's Crystal Spear  Conj/Erth      16%        10d5      100%        8
 Summon Horrible Things   Summ           5%         N/A       100%        8
 Dragon's Call            Summ           5%         N/A       100%        9


Dungeon Overview and Level Annotations

Branches:
Dungeon (15/15)            Temple (0/1) D:6            Lair (5/5) D:10
 Shoals (4/4) Lair:3       Spider (4/4) Lair:3        Slime (5/5) Lair:4
    Orc (2/2) D:12            Elf (3/3) Orc:2        Vaults (5/5) D:13
  Crypt (3/3) Vaults:3       Tomb (3/3) Crypt:3      Depths (4/4) D:15
   Hell (visited)             Dis (7/7) Hell            Geh (7/7) Hell
    Coc (7/7) Hell            Tar (7/7) Hell            Zot (5/5) Depths:4
Ossuary (visited)           IceCv (visited)          WizLab (visited)

Altars:
Ashenzari
Cheibriados
Dithmenos
Elyvilon
Fedhas
Gozag
Hepliaklqana
Makhleb
Nemelex Xobeh
Qazlal
Ru
Yredelemnul
Zin
The Shining One

Shops:
Orc:2 **([   Elf:1 ==*[:   Vaults:1 [   Vaults:2 [   Vaults:3 (   Vaults:5 ==
Depths:1 [*((   Depths:4 :==

Portals:
Hell: Depths:1 Depths:2 Depths:3 Depths:4
Abyss: Depths:3
Pandemonium: Depths:2 Depths:4
Ziggurat: Depths:2


Innate Abilities, Weirdness & Mutations

You are too large for most types of armour.
You have a pair of small horns on your head.
You have tough skin. (AC +1)
You gain doubled healing and magic from potions.
Whenever you drink a healing potion, you attack all around you.
You are partially covered in iridescent scales. (AC +2)
You have a somewhat thin skeletal structure. (Dex +2, Stealth+)
You possess an exceptional clarity of mind.
Your magical capacity is low. (-10% MP)
You are resistant to electric shocks. (rElec)
You passively dampen the noise of your surroundings.


Message History

There is a stone staircase leading down here.
Aiming: Dig
Press: ? - help, Shift-Dir - straight line A rock wall.
This square is lit by a halo and is covered in magical glow.
The rock shatters into small pieces.
You feel yourself speed up.
There is a stone staircase leading up here.
You climb upwards.
There is a stone staircase leading down here.
Aiming: Dig
Press: ? - help, Shift-Dir - straight line This square is lit by a halo and is covered in magical glow.
The rock shatters into small pieces.
Casting: Vhi's Electric Charge (safe; 1% risk of failure)
Confirm with . or Enter, or press ? or * to list all spells.
You blink.
You now have 34/36 mp.
There is a staircase leading out of the dungeon here.
Casting: Blink (safe; 0% risk of failure)
Confirm with . or Enter, or press ? or * to list all spells.
You can't see any susceptible monsters within range! (Use Z to cast anyway.)
Casting: Blink (safe; 0% risk of failure)
Confirm with . or Enter, or press ? or * to list all spells.
You feel ready to blink again.
You now have 26/36 mp.
You feel very mighty all of a sudden.
You feel clever all of a sudden.
You feel protected.
Okay, then.
Your shield is strengthened by the Shining One's divine power.
You now have 24/36 mp.
Okay, then.
You reach into the sack... ...and things crawl out!
The sack is emptied!
Your wolf spider blinks!
Your steelbarb worm blinks!
Your tarantella blinks!
You are momentarily dazzled by a brilliant light.
You now have 16/36 mp.
Okay, then.
Your angel blinks!
You have escaped!

# #.# #.# #.......#...[.... # #.#
#.# #.......#....[... # #.# #.#
#.♣♣............. # #.# #.#
#...P##.###.##... # #.# #>#
##.#P.#### #.###.. ## #.# #.#
#...#.######.###.. .#
##################..........
#########.....§...# #####..###.
.............w§.@.#####..........
##########.....§w..^.>#.###..###.
#.# ##...s....#####.#....# ## #.#
##...#...A.# #.#.#.## # #.#
##..s###....# #.#.#.# ##
#.###...## ##.#######.#.#.####.
#.##...## #.# #......#......
#.#...#######.# ##.##.###..###.
#.##.(#.......###...#.###..# ##


You could see a friendly angel (summoned), 2 friendly steelbarb worms, a
friendly wolf spider (summoned) and a friendly tarantella (summoned).

Vanquished Creatures
  Cerebov (Pan)
  the Royal Jelly (Slime:5)
  Asmodeus (Geh:7)
  Ereshkigal (Tar:7)
  A seraph (Pan)
  Lom Lobon (Pan)
  the Serpent of Hell (Dis:7)
  Gloorx Vloq (Pan)
  3 dread liches
  Mennas (Vaults:4)
  3 ancient liches
  8 juggernauts
  Sojobo (Depths:3)
  A royal mummy (Tomb:1)
  Bai Suzhen (Depths:1)
  A Killer Klown (Zot:5)
  Parghit (Zot:2)
  Geryon (Hell)
  7 caustic shrikes
  8 shard shrikes
  A curse toe (Zot:1)
  13 golden dragons
  Norris (Depths:2)
  Nikola (Elf:3)
  A profane servitor (Tar:7)
  Jory (Crypt:3)
  25 Tzitzimimeh
  2 pearl dragons (Pan)
  16 bone dragons
  8 doom hounds
  17 hellephants
  A shard shrike zombie (Tar:7)
  27 Brimstone Fiends
  A spectral shard shrike (Tar:4)
  2 electric golems (Zot:2)
  7 liches
  2 iron giants
  38 pandemonium lords
  11 tentacled monstrosities
  Jorgrun (Orc:2)
  37 Ice Fiends
  15 tainted leviathans
  4 quicksilver dragons
  2 walking crystal tomes (Depths:2)
  A walking earthen tome (Depths:2)
  27 Hell Sentinels
  2 walking frostbound tomes
  A deep elf blademaster (Elf:3)
  A deep elf master archer (Elf:3)
  Mlioglotl (Spider:4)
  9 Orb Guardians
  13 acid blobs
  16 titans
  20 searing wretches
  3 tentacled starspawn
  18 sphinxes
  15 ancient champions
  8 tengu reavers
  5 death cobs
  60 Executioners
  2 eldritch tentacles (WizLab)
  10 storm dragons
  9 shadow dragons
  Kirke (D:12)
  The ghost of gruber the Reanimator, an adept DsNe of Vehumet (Spider:4)
  6 azure jellies (Slime:5)
  Donald (Orc:2)
  7 narguns
  A fenstrider witch (Pan)
  15 daevas (Pan)
  4 draconian knights
  5 revenants
  6 deep elf sorcerers
  6 draconian monks
  6 quicksilver elementals
  6 protean progenitors
  11 rockslimes
  18 frost giants
  12 fire giants
  4 draconian shifters
  6 draconian scorchers
  22 vault wardens
  4 emperor scorpions
  6 deep elf elementalists
  46 demonspawn warmongers (Pan)
  3 nagarajas (Pan)
  Louise (D:15)
  16 ghost moths
  6 spectral juggernauts
  4 draconian stormcallers
  A caustic shrike zombie (Crypt:3)
  3 shard shrike simulacra (Coc:7)
  11 iron dragons
  16 ironbound preservers
  5 orc warlords
  79 balrugs
  A juggernaut zombie (Tar:7)
  58 reapers
  3 juggernaut skeletons (Pan)
  5 curse skulls
  27 angels (Pan)
  44 cacodemons (Pan)
  5 spriggan defenders
  30 demonspawn corrupters (Pan)
  8 draconian annihilators
  3 quicksilver oozes
  8 ghouls
  32 demonspawn blood saints (Pan)
  35 very ugly things
  A formless jellyfish (Shoals:4)
  3 caustic shrike skeletons (Pan)
  9 ironbound thunderhulks
  18 stone giants
  24 vampire knights
  34 demonspawn black suns (Pan)
  10 broodmothers
  9 putrid mouths
  9 elemental wellsprings
  24 apis (Pan)
  8 deep elf annihilators
  Nessos (D:14)
  6 deep elf death magi
  12 ophanim (Pan)
  11 green draconians
  4 halazid warlocks (Tar:5)
  16 spark wasps
  5 black draconians
  5 deep elf demonologists
  7 wendigos
  10 white draconians
  13 dire elephants
  48 lorocyprocas (Pan)
  43 war gargoyles
  11 purple draconians
  11 red draconians
  7 yellow draconians
  The ghost of Tenar the Destroyer, a journeyman DsCA of Gozag (D:15)
  12 eidola
  A crystal guardian (Vaults:3)
  42 green deaths (Pan)
  14 iron golems
  14 mummy priests
  A spectral quicksilver dragon (Tar:5)
  63 blizzard demons
  11 ettins
  A minotaur (Shoals:4)
  6 merfolk impalers
  8 deep elf high priests
  3 merfolk javelineers (Shoals:4)
  15 jiangshi
  15 fire dragons
  11 yaktaur captains
  2 spectral golden dragons
  6 entropy weavers
  3 spriggan zombies
  30 vault guards
  18 ice dragons
  A spectral spriggan (Tar:5)
  3 peacekeepers
  13 rakshasas
  12 salamander tyrants
  7 hydras
  9 great orbs of eyes
  2 spectral shadow dragons (Tar:1)
  2 quicksilver dragon skeletons (Tar:7)
  3 catoblepae
  13 ironbound frosthearts
  2 alligator snapping turtles
  An alligator (Pan)
  5 caustic shrike simulacra
  22 hell beasts
  7 radroaches
  2 spriggan skeletons
  2 merfolk aquamancers
  Erica (D:8)
  2 juggernaut simulacra
  2 ogre magi (Vaults:5)
  2 death knights (Crypt:1)
  4 stokers
  7 boulder beetles
  6 death yaks
  5 spriggan air magi
  7 jorogumos
  2 merfolk avatars (Shoals:4)
  22 centaur warriors
  4 two-headed ogres
  6 deep troll shamans
  3 satyrs (Shoals:4)
  A spectral stone giant (Tar:1)
  10 tengu warriors
  A bennu skeleton (Crypt:3)
  36 dancing weapons
  31 demonic crawlers
  24 hell hogs
  5 orc high priests
  26 death scarabs
  A spectral dire elephant (Tar:4)
  13 vampire magi
  90 soul eaters
  4 thrashing horrors
  2 deep troll earth magi
  221 sun demons
  5 spriggan berserkers
  19 deep elf knights
  30 hell knights
  21 shadow wraiths
  2 spriggans (Depths:4)
  A titan skeleton (Depths:2)
  5 crystal echidnas
  A fire crab (shapeshifter) (D:13)
  77 sixfirhies (Pan)
  9 skysharks
  The ghost of GrimJard the Fighter, a novice DjIE of Elyvilon (D:7)
  3 hellephant skeletons (Pan)
  A death drake (shapeshifter) (Vaults:5)
  An iron troll (Depths:2)
  28 skeletal warriors
  6 sea snakes
  15 cherubim (Pan)
  A salamander mystic (Depths:3)
  2 bunyip zombies (Crypt:3)
  9 glowing orange brains
  103 large abominations
  4 pharaoh ants
  3 quicksilver dragon simulacra
  3 death drakes
  45 deep trolls
  5 spriggan simulacra
  A bog body (Crypt:2)
  2 golden dragon skeletons
  The ghost of alja1234 the Digger, a novice OnEE of Vehumet (D:5)
  5 flayed ghosts
  A shadow dragon zombie (Depths:2)
  11 steelbarb worms
  12 deep elf archers
  2 obsidian statues (WizLab)
  14 orb spiders
  A bunyip skeleton (Crypt:2)
  48 shadow demons
  An orange crystal statue (IceCv)
  16 necromancers
  The ghost of KineticRobot the Vexing, a novice DEHs of the Shining One (D:8)
  3 lindwurms
  3 spectral hydras
  12 orc knights
  21 phantasmal warriors
  26 wolf spiders
  15 sun moths
  17 deep elf zephyrmancers
  10 arcanists
  26 ironbound convokers
  41 deep elf pyromancers
  A fenstrider witch simulacrum (Hell)
  A broodmother zombie (Crypt:2)
  47 ugly things
  A shadow dragon skeleton (Depths:2)
  A spectral ettin (Tar:7)
  17 harpies
  An oklob plant (Lair:4)
  2 wolf spiders (shapeshifter)
  An iron dragon zombie (Tar:7)
  6 orc sorcerers
  3 shining eyes
  2 shining eyes (shapeshifter)
  3 frost giant zombies (Tar:6)
  15 manticores
  3 salamanders (Depths:3)
  7 cyclopes
  7 fire giant zombies
  6 fauns
  20 moths of wrath
  A worldbinder (Abyss:5)
  10 elephants
  2 black mambas
  2 fire giant skeletons
  A moth of wrath (shapeshifter) (D:14)
  18 rust devils
  4 kobold blastminers
  10 meliai
  A frost giant skeleton (Depths:2)
  12 merfolk sirens
  A naga zombie (Crypt:3)
  7 ice statues
  A spectral centaur (Tar:2)
  3 titan simulacra
  3 Executioner simulacra (Pan)
  A formless jellyfish zombie (Crypt:2)
  2 centaur zombies
  11 torpor snails
  An iron dragon skeleton (Depths:2)
  A dire elephant zombie (Crypt:3)
  A guardian serpent (shapeshifter) (D:14)
  3 apocalypse crabs
  60 orange demons (Pan)
  129 smoke demons
  7 water nymphs
  7 molten gargoyles
  A gargoyle (D:12)
  3 eyes of devastation
  19 vault sentinels
  12 cane toads
  An unseen horror (D:11)
  A torpor snail (shapeshifter) (WizLab)
  Maggie (D:8)
  A white draconian zombie (Crypt:3)
  63 hellions
  3 kobold demonologists
  29 yaktaurs
  36 tormentors
  5 freezing wraiths
  16 rime drakes
  11 efreet
  8 guardian mummies
  12 komodo dragons
  5 spectral nagas
  8 tengu conjurers
  2 golden dragon simulacra (Coc:7)
  16 ice devils
  A redback zombie (Crypt:1)
  5 catoblepas skeletons (Abyss:5)
  2 ancient zymes (Abyss:5)
  3 anaconda simulacra
  6 spectral harpies
  7 trolls
  A black draconian skeleton (Crypt:2)
  58 hellwings
  3 human skeletons
  27 red devils (Pan)
  2 silent spectres
  24 merfolk
  6 harpy zombies
  9 hornets
  A queen bee (shapeshifter) (Depths:1)
  21 polar bears
  A moth of wrath zombie (Crypt:3)
  6 wind drakes
  17 blink frogs
  2 tyrant leeches (Pan)
  5 raiju
  3 snapping turtles
  8 dream sheep
  31 tarantellas
  2 harpy skeletons (Tar:7)
  A hydra skeleton (Tar:7)
  An ettin zombie (Crypt:3)
  5 glass eyes
  2 stone giant simulacra
  An iron dragon simulacrum (Coc:2)
  A slime creature (shapeshifter) (Depths:2)
  28 jumping spiders
  A jumping spider (shapeshifter) (D:15)
  A guardian serpent skeleton (Crypt:1)
  3 wyverns
  96 ynoxinuls (Pan)
  29 yaks
  20 culicivoras
  6 air elementals
  A shadow (D:11)
  2 centaur simulacra
  19 water elementals
  A fire elemental (D:14)
  67 slime creatures
  6 ushabtiu
  17 wraiths
  3 dire elephant simulacra
  3 starcursed masses
  2 wargs
  4 fire bats (Pan)
  4 basilisks
  3 hogs (D:12)
  43 neqoxecs
  2 golden eyes (Slime:5)
  101 redbacks
  2 steam dragons
  15 vampire mosquitoes
  47 chaos spawn (Pan)
  Edmund (D:6)
  Menkaure (D:5)
  9 harpy simulacra
  12 hell hounds
  2 hydra simulacra
  A fire bat skeleton (Crypt:3)
  3 acid dragons
  13 water moccasins
  A meliai simulacrum (D:15)
  19 orc warriors
  2 sky beasts
  Duvessa (D:6)
  A manticore zombie (Crypt:1)
  4 ice beasts
  14 laughing skulls (Pan)
  A black bear (Lair:1)
  3 ettin simulacra
  8 boggarts
  A tengu (shapeshifter) (Elf:1)
  2 ogres
  28 wolves
  A swamp dragon skeleton (Crypt:3)
  5 centaurs
  2 phantoms
  A torpor snail zombie (Crypt:2)
  A blink frog skeleton (Crypt:1)
  12 kobold brigands
  A brain worm (shapeshifter) (D:15)
  11 bullfrogs
  6 necrophages
  A vine stalker zombie (Crypt:3)
  3 elf zombies
  4 earth elementals (Abyss:5)
  2 naga simulacra
  2 scorpions
  A small abomination (Abyss:5)
  5 wights (D:8)
  8 killer bees
  Dowan (D:6)
  A troll skeleton (Crypt:2)
  2 electric eels
  3 howler monkeys
  A howler monkey (shapeshifter) (Elf:3)
  A lava snake (D:14)
  A hound (D:7)
  7 human zombies
  2 bombardier beetles
  4 jellies
  A spectral scorpion (Ossuary)
  13 orc priests
  An iron imp (D:6)
  An iguana (D:6)
  23 orc wizards
  A scorpion zombie (Crypt:2)
  5 hell rats (Lair:5)
  2 boggart skeletons
  3 crocodile zombies
  A spectral hound (Ossuary)
  A bullfrog simulacrum (Ossuary)
  A hound zombie (Crypt:1)
  A tengu skeleton (Crypt:3)
  18 mummies
  A gnoll (D:5)
  12 adders
  3 hound simulacra (Ossuary)
  A white imp (D:7)
  4 spectral adders (Ossuary)
  A ribbon worm (D:2)
  A spectral gnoll (Ossuary)
  3 dart slugs
  55 orcs
  3 endoplasms
  4 giant cockroaches
  5 goblins
  5 hobgoblins
  20 kobolds
  A quokka (D:3)
  5 ball pythons
  4 bats
  2 frilled lizards
  5 gnoll simulacra (Ossuary)
  4 gnoll zombies (Ossuary)
  3 jackal simulacra (Ossuary)
  A jackal skeleton (Crypt:3)
  5 kobold zombies (Ossuary)
  7 orc zombies (Ossuary)
  3 rats (D:1)
  2 spectral jackals (Ossuary)
  An aspiring flesh (Pan)
  A ball lightning (Pan)
  17 butterflies
  4 creeping infernos
  A fire vortex (Pan)
  A spectral weapon (Dis:7)
  2 starspawn tentacles
  2 tentacles (Shoals:4)
5028 creatures vanquished.

Vanquished Creatures (collateral kills)
  Antaeus (Coc:7)
  11 pandemonium lords (Pan)
  Mnoleg (Pan)
  An ancient lich (Tar:7)
  Dispater (Dis:7)
  Josephina (Crypt:3)
  A royal mummy (Tomb:1)
  3 shard shrikes (Coc:7)
  A caustic shrike (Dis:6)
  3 profane servitors (Tar:7)
  4 bone dragons (Tar:7)
  A hellephant (Geh:7)
  3 iron giants (Dis:7)
  4 Tzitzimimeh (Tar:7)
  5 Brimstone Fiends (Pan)
  A tainted leviathan (Tar:7)
  A doom hound (Tar:7)
  Rupert (D:13)
  8 Hell Sentinels
  Zenata (Elf:3)
  A deep elf blademaster (Elf:3)
  5 Ice Fiends
  A titan (Tar:6)
  4 searing wretches (Geh:7)
  2 acid blobs (Slime:5)
  A deep elf master archer (Elf:3)
  A kraken (Shoals:4)
  A walking frostbound tome (Pan)
  12 Executioners (Pan)
  7 ancient champions (Dis:7)
  An eldritch tentacle (Pan)
  3 sphinxes
  Asterion (Spider:2)
  A tentacled starspawn (Abyss:5)
  A tengu reaver (Depths:3)
  A revenant (Tar:5)
  A shadow dragon (Vaults:5)
  7 demonspawn warmongers (Pan)
  3 rockslimes (Slime:5)
  4 protean progenitors (Pan)
  2 azure jellies (Slime:5)
  2 fire giants
  2 narguns
  An emperor scorpion (Spider:4)
  A quicksilver elemental (Dis:7)
  2 spectral caustic shrikes
  2 deep elf sorcerers (Elf:3)
  6 balrugs
  2 iron dragons (Dis:7)
  A spriggan defender (Depths:1)
  22 cacodemons (Pan)
  4 juggernaut skeletons
  3 spectral juggernauts
  6 demonspawn blood saints (Pan)
  11 reapers
  A broodmother (Spider:4)
  3 demonspawn corrupters (Pan)
  2 very ugly things
  3 ophanim (Pan)
  2 apis (Pan)
  A green draconian (Pan)
  A vampire knight (Crypt:2)
  A rockslime zombie (Crypt:2)
  10 demonspawn black suns (Pan)
  3 deep elf demonologists (Elf:3)
  4 putrid mouths (Tar:7)
  2 deep elf death magi (Elf:3)
  2 stone giants (Vaults:5)
  9 lorocyprocas (Pan)
  3 war gargoyles (Dis:7)
  A spark wasp (Depths:4)
  A wendigo (Coc:3)
  An iron golem (Dis:6)
  13 blizzard demons (Pan)
  3 ice dragons
  2 great orbs of eyes (Slime:5)
  9 green deaths (Pan)
  A spectral spriggan (Tar:3)
  2 rakshasas
  2 hydras (D:13)
  A caustic shrike simulacrum (Coc:3)
  A vault guard (Vaults:1)
  An ogre mage (D:13)
  3 hell beasts (Pan)
  A salamander tyrant (Geh:7)
  2 merfolk avatars
  2 radroaches (Pan)
  A spectral stone giant (Tar:3)
  An alligator (Pan)
  A centaur warrior (Vaults:1)
  A death yak (Pan)
  4 dancing weapons
  5 satyrs (Shoals:4)
  A death scarab (Tomb:1)
  4 hell hogs
  An orc high priest (Orc:2)
  37 sun demons (Pan)
  A vampire mage (Crypt:2)
  21 soul eaters (Pan)
  A spriggan berserker (Depths:1)
  2 hell knights (Depths:3)
  6 demonic crawlers
  19 sixfirhies
  3 crystal echidnas (Dis:7)
  A shock serpent (shapeshifter) (Vaults:5)
  A skyshark (Depths:2)
  A skeletal warrior (D:13)
  8 shadow wraiths (Tar:7)
  2 hellephant skeletons (Pan)
  2 cherubim (Pan)
  2 deep trolls (Vaults:4)
  2 sea snakes (Shoals:4)
  A quicksilver dragon simulacrum (Coc:7)
  A glowing orange brain (D:5)
  A harpy (Shoals:4)
  A spriggan simulacrum (Coc:7)
  6 shadow demons (Pan)
  15 large abominations
  2 orc knights
  A deep elf archer (Elf:3)
  4 deep elf pyromancers (D:13)
  A necromancer (Hell)
  5 ugly things
  3 deep elf zephyrmancers
  2 wolf spiders (Spider:4)
  2 shining eyes
  2 cyclopes
  5 meliai
  2 elephants (Lair:5)
  2 merfolk sirens (Shoals:4)
  5 eyes of devastation (Pan)
  An Executioner simulacrum (Pan)
  3 fauns (Shoals:4)
  A black mamba (Lair:5)
  2 rust devils
  A vault sentinel (Vaults:1)
  26 orange demons (Pan)
  An elephant slug zombie (Crypt:2)
  36 smoke demons
  A yellow draconian zombie (Crypt:2)
  4 molten gargoyles (Geh:7)
  A rime drake (Lair:5)
  3 centaur skeletons (D:13)
  A freezing wraith (Hell)
  2 tormentors (Tar:7)
  A yaktaur (Vaults:2)
  4 hellions
  6 ice devils
  7 hellwings (Pan)
  4 red devils (Pan)
  A troll (D:13)
  2 tarantellas (Spider:2)
  3 merfolk (Shoals:4)
  A queen bee (D:13)
  A raiju (Abyss:5)
  4 hornets
  2 snapping turtles (Shoals:4)
  An iron dragon simulacrum (Coc:7)
  13 slime creatures (Slime:5)
  4 jumping spiders
  4 culicivoras
  18 ynoxinuls (Pan)
  4 spriggans
  2 ushabtiu (Tomb:1)
  2 wargs (Orc:2)
  2 golden eyes
  3 vampire mosquitoes (D:13)
  10 neqoxecs (Pan)
  5 redbacks
  20 chaos spawn (Pan)
  A harpy simulacrum (Coc:7)
  2 acid dragons (D:13)
  4 orc warriors
  4 laughing skulls (Pan)
  6 ogres
  3 centaurs (D:13)
  A kobold brigand (Abyss:5)
  A draconian zombie (Crypt:2)
  A naga simulacrum (Coc:7)
  13 killer bees (D:13)
  5 orc priests (Orc:2)
  4 orc wizards (Orc:2)
  8 mummies (Tomb:1)
  5 orcs (Orc:2)
  An aspiring flesh (Pan)
  A creeping inferno (Geh:7)
  2 fire vortices
  A starspawn tentacle (Abyss:5)
  A tentacle (Shoals:4)
731 creatures vanquished.

Vanquished Creatures (others)
  A tentacled monstrosity (Zot:2)
  A walking frostbound tome (Pan)
  2 balrugs (Pan)
  A demonspawn blood saint (Pan)
  A demonspawn black sun (Pan)
  An elemental wellspring (Coc:6)
  A salamander tyrant (Geh:7)
  2 caustic shrike simulacra (Coc:7)
  A sun demon (Pan)
  A spriggan (Depths:2)
  3 soul eaters (Pan)
  2 sixfirhies (Pan)
  3 orange demons (Pan)
  An ice devil (Pan)
  A hornet (Depths:2)
  A dire elephant simulacrum (Coc:3)
  3 ynoxinuls (Pan)
  2 humans (D:12)
  An alligator snapping turtle simulacrum (Coc:3)
  An ogre (D:13)
  2 orc wizards
  3 orcs (D:12)
  14 ball lightnings (Pan)
  2 fire vortices
  2 spectral weapons
  6 starspawn tentacles
  3 tentacles (Shoals:4)
62 creatures vanquished.

Grand Total: 5821 creatures vanquished

Notes
Turn   | Place    | Note
-------+----------+-------------------------------------------
     0 | D:1      | beholder the Oni Air Elementalist began the quest for the
                  | Orb.
     0 | D:1      | Reached XP level 1. HP: 16/16 MP: 3/3
   105 | D:1      | Reached skill level 1 in Conjurations
   294 | D:1      | Reached XP level 2. HP: 22/26 MP: 0/5
   514 | D:1      | Reached skill level 1 in Fighting
  2132 | D:2      | Reached XP level 3. HP: 33/33 MP: 5/7
  2142 | D:2      | Learned a level 3 spell: Swiftness
  2329 | D:2      | Reached skill level 1 in Maces & Flails
  2420 | D:2      | Found a stormy altar of Qazlal.
  2835 | D:3      | Reached XP level 4. HP: 44/44 MP: 6/8
  3193 | D:3      | Found a broken altar of Ashenzari.
  3335 | D:3      | Reached XP level 5. HP: 32/54 MP: 0/9
  3655 | D:4      | Found a glowing golden altar of the Shining One.
  3697 | D:4      | Became a worshipper of the Shining One
  4554 | D:4      | Found a stormy altar of Qazlal.
  4610 | D:5      | Entered Level 5 of the Dungeon
  4640 | D:5      | Found a sand-covered staircase.
  4656 | Ossuary  | Entered an ossuary
  4694 | Ossuary  | Reached * piety under the Shining One
  4726 | Ossuary  | Reached skill level 1 in Invocations
  4755 | Ossuary  | Reached XP level 6. HP: 62/62 MP: 10/10
  4780 | Ossuary  | Reached ** piety under the Shining One
  4822 | Ossuary  | Reached skill level 5 in Fighting
  4903 | Ossuary  | Reached XP level 7. HP: 12/74 MP: 4/11
  4909 | Ossuary  | HP: 2/74 [human zombie (7)]
  5180 | Ossuary  | Reached *** piety under the Shining One
  5535 | D:5      | Reached skill level 5 in Maces & Flails
  5709 | D:5      | Reached XP level 8. HP: 54/87 MP: 7/12
  6414 | D:5      | Gained mutation: Your mind is acute. (Int +4, Str/Dex -1)
                  | [potion of mutation]
  6414 | D:5      | Gained mutation: You are clumsy. (Dex -2) [potion of
                  | mutation]
  6414 | D:5      | Gained mutation: Your mind is very acute. (Int +8, Str/Dex
                  | -2) [potion of mutation]
  6457 | D:5      | Found a runed translucent door.
  6476 | D:5      | Noticed alja1234's ghost (novice OnEE)
  6588 | D:5      | Found a blossoming altar of Fedhas.
  6588 | D:5      | Found a shadowy altar of Dithmenos.
  7059 | D:6      | Noticed Duvessa
  7059 | D:6      | Noticed Dowan
  7059 | D:6      | Noticed Menkaure
  7059 | D:6      | Reached **** piety under the Shining One
  7065 | D:5      | Killed Menkaure
  7245 | D:6      | Reached skill level 5 in Invocations
  7429 | D:6      | Reached XP level 9. HP: 98/98 MP: 7/13
  7498 | D:6      | Noticed Edmund
  7536 | D:6      | Killed Edmund
  7800 | D:6      | Reached skill level 10 in Fighting
  7946 | D:6      | Found a staircase to the Ecumenical Temple.
  7980 | D:6      | Killed Duvessa
  7987 | D:6      | Killed Dowan
  8184 | D:6      | Found a white marble altar of Elyvilon.
  8281 | D:6      | Found a snail-covered altar of Cheibriados.
  8491 | D:7      | Found a runed translucent door.
  8500 | D:7      | Noticed GrimJard's ghost (novice DjIE)
  8516 | D:7      | Noticed a hornet
  8520 | D:7      | Paralysed by a hornet for 2 turns
  8525 | D:7      | Killed a hornet
  8526 | D:7      | Reached skill level 1 in Armour
  8913 | D:7      | Reached skill level 1 in Evocations
  9104 | D:7      | Noticed a hornet
  9107 | D:7      | Killed a hornet
  9203 | D:7      | Learned a level 3 spell: Passwall
  9367 | D:7      | Reached XP level 10. HP: 110/110 MP: 14/14
  9776 | D:8      | Noticed Maggie
  9788 | D:8      | Killed Maggie
  9926 | D:8      | Found a runed translucent gate.
  9926 | D:8      | Found a runed translucent gate.
  9926 | D:8      | Noticed a kobold demonologist
  9926 | D:8      | Noticed KineticRobot's ghost (novice DEHs)
  9927 | D:8      | Found a runed translucent gate.
  9969 | D:8      | Paralysed by a hornet for 1 turns
 10773 | D:8      | Noticed Erica
 10793 | D:8      | Killed Erica
 11108 | D:5      | Killed alja1234's ghost
 11221 | D:9      | Lost mutation: Your mind is very acute. (Int +8, Str/Dex
                  | -2) [potion of mutation]
 11221 | D:9      | Lost mutation: Your mind is acute. (Int +4, Str/Dex -1)
                  | [potion of mutation]
 11221 | D:9      | Gained mutation: Your muscles are strong. (Str +4, Int/Dex
                  | -1) [potion of mutation]
 11221 | D:9      | Gained mutation: You occasionally lose the ability to drink
                  | potions when taking damage. [potion of mutation]
 11221 | D:9      | Gained mutation: You passively dampen the noise of your
                  | surroundings. [potion of mutation]
 11222 | D:9      | Lost mutation: You are clumsy. (Dex -2) [potion of
                  | mutation]
 11222 | D:9      | Lost mutation: You passively dampen the noise of your
                  | surroundings. [potion of mutation]
 11222 | D:9      | Gained mutation: You are partially covered in large bone
                  | plates. (SH +4) [potion of mutation]
 11222 | D:9      | Gained mutation: You have sharp toenails. [potion of
                  | mutation]
 11244 | D:9      | Reached skill level 10 in Maces & Flails
 11371 | D:9      | Reached XP level 11. HP: 116/117 MP: 13/16
 11429 | D:9      | Found a sacrificial altar of Ru.
 11988 | D:9      | Noticed a two-headed ogre
 12109 | D:9      | Killed a two-headed ogre
 12110 | D:9      | Reached skill level 5 in Dodging
 12542 | D:10     | Entered Level 10 of the Dungeon
 12542 | D:10     | Noticed a two-headed ogre
 12694 | D:10     | Found a staircase to the Lair.
 12731 | D:10     | Killed a two-headed ogre
 13144 | D:10     | Found a basalt altar of Yredelemnul.
 13186 | D:10     | Found an opulent altar of Gozag.
 13276 | D:10     | You fall into a shaft and drop 1 floor!
 13345 | D:10     | Found Zin's Purification Station.
 13348 | D:10     | Found a glowing silver altar of Zin.
 13942 | D:11     | Learned a level 4 spell: Vhi's Electric Charge
 14139 | D:11     | Reached skill level 1 in Translocations
 14151 | D:11     | Noticed a cyclops
 14176 | D:11     | Killed a cyclops
 14426 | D:11     | Noticed a centaur warrior
 14437 | D:11     | Killed a centaur warrior
 14438 | D:11     | Reached XP level 12. HP: 93/126 MP: 9/19
 14730 | D:7      | Killed GrimJard's ghost
 14832 | D:8      | Killed KineticRobot's ghost
 15160 | D:12     | Noticed Kirke
 15169 | D:12     | Killed Kirke
 15170 | D:12     | Reached skill level 10 in Invocations
 15293 | D:12     | Reached skill level 5 in Armour
 15320 | D:12     | Reached skill level 5 in Air Magic
 15405 | D:12     | Identified the +6 scale mail of the Cooper {rC+ Int+3
                  | Dex+4}
 15423 | D:12     | Found a staircase to the Orcish Mines.
 15586 | D:12     | Reached ***** piety under the Shining One
 15664 | D:12     | Noticed a centaur warrior
 15675 | D:12     | Killed a centaur warrior
 15934 | D:12     | Lost mutation: You are partially covered in large bone
                  | plates. (SH +4) [potion of mutation]
 15934 | D:12     | Lost mutation: You occasionally lose the ability to drink
                  | potions when taking damage. [potion of mutation]
 15934 | D:12     | Lost mutation: Your muscles are strong. (Str +4, Int/Dex
                  | -1) [potion of mutation]
 15934 | D:12     | Gained mutation: Your body sometimes deteriorates upon
                  | taking damage. [potion of mutation]
 15934 | D:12     | Lost mutation: Your body sometimes deteriorates upon taking
                  | damage. [potion of mutation]
 15934 | D:12     | Gained mutation: You are covered in fur. (AC +1) [potion of
                  | mutation]
 16206 | D:13     | Noticed a boulder beetle
 16213 | D:13     | Killed a boulder beetle
 16214 | D:13     | Reached XP level 13. HP: 88/133 MP: 16/20
 16258 | D:13     | Found a sparkling altar of Nemelex Xobeh.
 16431 | D:13     | Noticed Rupert
 16610 | D:13     | Reached skill level 5 in Translocations
 16610 | D:13     | Reached skill level 5 in Evocations
 16672 | D:13     | Killed Rupert
 16763 | D:13     | Found a gate to the Vaults.
 17326 | Lair:1   | Entered Level 1 of the Lair of Beasts
 17377 | D:10     | Reached XP level 14. HP: 75/144 MP: 21/21
 18435 | Lair:1   | Learned a level 2 spell: Blink
 20256 | Lair:3   | Found a staircase to the Shoals.
 20876 | Lair:3   | Reached skill level 10 in Armour
 20923 | Lair:3   | Found a hole to the Spider Nest.
 21257 | Lair:4   | Reached skill level 15 in Maces & Flails
 21413 | Lair:4   | Found a staircase to the Slime Pits.
 22663 | Lair:4   | Reached XP level 15. HP: 138/161 MP: 22/22
 22923 | Lair:4   | Reached ****** piety under the Shining One
 23030 | Lair:5   | Entered Level 5 of the Lair of Beasts
 23064 | Slime:1  | Entered Level 1 of the Pits of Slime
 23880 | Lair:5   | Reached skill level 15 in Fighting
 24718 | Orc:1    | Entered Level 1 of the Orcish Mines
 25094 | Orc:2    | Entered Level 2 of the Orcish Mines
 25094 | Orc:2    | Noticed Donald
 25094 | Orc:2    | Found a burning altar of Makhleb.
 25101 | Orc:2    | Killed Donald
 25111 | Orc:2    | Found a staircase to the Elven Halls.
 25178 | Orc:2    | Noticed Jorgrun
 25184 | Orc:2    | Killed Jorgrun
 25245 | Orc:2    | Identified a +2 giant spiked club of holy wrath (a +0 giant
                  | spiked club blessed by the Shining One)
 25245 | Orc:2    | Received a gift from the Shining One
 25298 | Orc:2    | Found Hyxoj's Assorted Antiques.
 25308 | Orc:2    | Found Sipirafa's Assorted Antiques.
 25315 | Orc:2    | Paralysed by a chaos spawn for 1 turns
 25320 | Orc:2    | Found Qipim's Weapon Shoppe.
 25327 | Orc:2    | Found Qevvytt's Armour Shop.
 25386 | Orc:2    | Bought a scroll of identify for 74 gold pieces
 25388 | Orc:2    | Bought a scroll of identify for 72 gold pieces
 25934 | D:14     | Reached XP level 16. HP: 152/179 MP: 12/23
 26022 | D:14     | Noticed Nessos
 26030 | D:14     | Killed Nessos
 26866 | D:15     | Entered Level 15 of the Dungeon
 27099 | D:15     | Found a transporter.
 27105 | D:15     | Noticed Tenar's ghost (journeyman DsCA)
 27123 | D:15     | Found a transporter.
 27170 | D:15     | Found a staircase to the Depths.
 27283 | D:15     | Noticed Louise
 27292 | D:15     | Killed Louise
 27938 | Spider:1 | Entered Level 1 of the Spider Nest
 30079 | Spider:1 | Reached XP level 17. HP: 76/187 MP: 13/24
 30772 | Spider:2 | Noticed Asterion
 30790 | Spider:2 | Killed Asterion
 31175 | Spider:2 | Reached skill level 10 in Dodging
 32649 | Spider:3 | Reached skill level 1 in Throwing
 33995 | Spider:4 | Entered Level 4 of the Spider Nest
 34039 | Spider:4 | Paralysed by a jorogumo for 3 turns
 34047 | Spider:4 | Reached XP level 18. HP: 132/196 MP: 22/25
 34577 | Spider:4 | Noticed Mlioglotl
 34583 | Spider:4 | Killed Mlioglotl
 34841 | Spider:4 | Reached skill level 5 in Throwing
 34920 | Spider:4 | Reached XP level 19. HP: 204/204 MP: 26/26
 34921 | Spider:4 | Reached XP level 20. HP: 213/213 MP: 27/27
 35007 | Spider:4 | Found a runed translucent door.
 35008 | Spider:4 | Noticed gruber's ghost (adept DsNe)
 35022 | Spider:4 | Killed gruber's ghost
 35026 | Spider:4 | Identified the +2 war axe of Cusou {spect, rCorr}
 35683 | Spider:4 | Got a gossamer rune of Zot
 35702 | Spider:4 | Identified the orb of Zamuxzau {light, Harm}
 36207 | Vaults:1 | Entered Level 1 of the Vaults
 36220 | Vaults:1 | Upgraded the game from 0.31-a0-1447-g87ca8d402b to
                  | 0.31-a0-1539-g569d6c7dce
 36301 | Vaults:1 | Found Giohean's Armour Boutique.
 37111 | Vaults:1 | Learned a level 4 spell: Dimensional Bullseye
 37194 | Vaults:1 | Reached skill level 1 in Hexes
 38404 | Vaults:1 | HP: 3/215 [orc warlord/+1 broad axe (19)]
 38969 | Vaults:1 | Reached skill level 5 in Spellcasting
 39052 | Vaults:1 | Reached XP level 21. HP: 137/223 MP: 23/28
 39738 | Vaults:2 | Found Ustriwneo's Armour Shoppe.
 39836 | Vaults:2 | HP: 9/224 [orc warlord/+2 long sword (10)]
 41604 | Vaults:2 | Reached skill level 10 in Throwing
 43379 | Vaults:3 | Found Ogoeq's Weapon Boutique.
 43508 | Vaults:3 | Found a staircase to the Crypt.
 43765 | Vaults:3 | Reached skill level 1 in Shields
 44728 | Vaults:3 | Found a huge runed gate.
 44728 | Vaults:3 | Found a huge runed gate.
 44729 | Vaults:3 | Found a huge runed gate.
 44729 | Vaults:3 | Found a huge runed gate.
 44729 | Vaults:3 | Found a huge runed gate.
 44730 | Vaults:3 | Found a huge runed gate.
 44730 | Vaults:3 | Found a huge runed gate.
 44730 | Vaults:3 | Found a huge runed gate.
 44730 | Vaults:3 | Found a huge runed gate.
 44977 | Vaults:3 | Reached XP level 22. HP: 172/243 MP: 28/31
 45316 | Vaults:3 | Found a huge runed gate.
 45316 | Vaults:3 | Found a huge runed gate.
 45316 | Vaults:3 | Found a huge runed gate.
 45316 | Vaults:3 | Found a huge runed gate.
 45316 | Vaults:3 | Found a huge runed gate.
 45316 | Vaults:3 | Found a huge runed gate.
 45316 | Vaults:3 | Found a huge runed gate.
 45317 | Vaults:3 | Found a huge runed gate.
 45318 | Vaults:3 | Found a huge runed gate.
 45326 | Vaults:3 | Found a huge runed gate.
 45326 | Vaults:3 | Found a huge runed gate.
 45326 | Vaults:3 | Found a huge runed gate.
 45326 | Vaults:3 | Found a huge runed gate.
 45326 | Vaults:3 | Found a huge runed gate.
 45326 | Vaults:3 | Found a huge runed gate.
 45326 | Vaults:3 | Found a huge runed gate.
 45327 | Vaults:3 | Found a huge runed gate.
 45328 | Vaults:3 | Found a huge runed gate.
 45336 | Vaults:3 | Found a huge runed gate.
 45336 | Vaults:3 | Found a huge runed gate.
 45336 | Vaults:3 | Found a huge runed gate.
 45336 | Vaults:3 | Found a huge runed gate.
 45336 | Vaults:3 | Found a huge runed gate.
 45336 | Vaults:3 | Found a huge runed gate.
 45336 | Vaults:3 | Found a huge runed gate.
 45337 | Vaults:3 | Found a huge runed gate.
 45338 | Vaults:3 | Found a huge runed gate.
 45575 | Vaults:4 | Reached skill level 5 in Shields
 46612 | Vaults:4 | Noticed Mennas
 46639 | Vaults:4 | Killed Mennas
 47773 | Vaults:4 | HP: 6/247 [deep troll[an ironbound preserver] (9)]
 48708 | Elf:1    | Entered Level 1 of the Elven Halls
 49186 | Elf:1    | Identified a scroll of acquirement
 49244 | Elf:1    | Learned a level 4 spell: Manifold Assault
 49244 | Elf:1    | Acquired the ring "Vuvef" {rC++ rN+ rCorr Stlth+}
 49549 | Elf:1    | Found Joxkeuth's Book Boutique.
 49549 | Elf:1    | Found Sihes's Jewellery Shop.
 49550 | Elf:1    | Found Wases's Assorted Antiques.
 49552 | Elf:1    | Found Ugila's Armour Boutique.
 49581 | Elf:1    | Bought a book of Spatial Translocations for 180 gold pieces
 49588 | Elf:1    | Learned a level 2 spell: Lesser Beckoning
 49714 | Elf:1    | Found Osoacay's Jewellery Emporium.
 50108 | Elf:2    | Reached skill level 10 in Evocations
 50143 | Elf:2    | Found a frozen archway.
 50163 | IceCv    | Entered an ice cave
 50191 | IceCv    | Reached skill level 10 in Shields
 51670 | Elf:2    | Lost mutation: You are covered in fur. (AC +1) [potion of
                  | mutation]
 51670 | Elf:2    | Lost mutation: You have sharp toenails. [potion of
                  | mutation]
 51670 | Elf:2    | Gained mutation: You occasionally shout uncontrollably at
                  | your foes. [potion of mutation]
 51670 | Elf:2    | Gained mutation: Your mind is acute. (Int +4, Str/Dex -1)
                  | [potion of mutation]
 51670 | Elf:2    | Gained mutation: You have hidden genetic potential. [potion
                  | of mutation]
 51822 | Elf:2    | Reached XP level 23. HP: 207/254 MP: 34/34
 52097 | Elf:2    | Found a runed translucent gate.
 52097 | Elf:2    | Found a runed translucent gate.
 52097 | Elf:2    | Found a runed translucent gate.
 53374 | Elf:3    | Entered Level 3 of the Elven Halls
 53376 | Elf:3    | Paralysed by an air elemental for 1 turns
 53377 | Elf:3    | Noticed Zenata
 53700 | Elf:3    | Paralysed by an air elemental for 1 turns
 54275 | Elf:3    | Paralysed by an air elemental for 1 turns
 54443 | Elf:3    | Noticed Nikola
 54527 | Elf:3    | Killed Nikola
 55573 | Elf:3    | Killed Zenata
 55574 | Elf:3    | Reached skill level 10 in Translocations
 55705 | Elf:3    | Identified the +7 war axe of Yfoosh {freeze, Will+}
 55760 | Elf:3    | Reached skill level 10 in Spellcasting
 56528 | Elf:3    | Identified the +0 scale mail "Joxus" {rN+ Str+3 Stlth+}
 56531 | Elf:3    | Identified the +7 orcbow of the Blind Eye {flame, rPois
                  | Str+3 Int+4}
 56540 | Elf:3    | Identified the +4 plate armour of Amorality {rElec}
 56559 | Elf:3    | Identified the +4 dagger "Samn" {drain, rF- Str+5 Dex+8}
 56566 | Elf:3    | Identified the +2 ring mail of Lightning Storm {^Drain
                  | rPois rC+ Int+3}
 56567 | Elf:3    | Identified the amulet "Zuasuep" {Spirit Slay+3}
 57167 | Depths:1 | Entered Level 1 of the Depths
 57207 | Depths:1 | Identified the +7 glaive of Pamoedai {freeze, *Rage rPois
                  | Str+2}
 57219 | Depths:1 | Found Wecrivua's Armour Boutique.
 57237 | Depths:1 | Found a magical portal.
 57247 | WizLab   | Entered The Roulette of Golubria
 57247 | WizLab   | Found a transporter.
 57402 | WizLab   | Found the +1 cloak of Starlight {*Dazzle EV+4 Stlth--}
 57402 | WizLab   | Found a corrupted altar of Lugonu.
 57455 | WizLab   | Found a transporter.
 57461 | WizLab   | Found a transporter.
 57476 | WizLab   | Paralysed by an air elemental for 1 turns
 57482 | WizLab   | Found a corrupted altar of Lugonu.
 57503 | WizLab   | Found a transporter.
 57518 | WizLab   | Paralysed by an air elemental for 1 turns
 57525 | WizLab   | Paralysed by an air elemental for 1 turns
 57540 | WizLab   | Found a transporter.
 57686 | WizLab   | Found a corrupted altar of Lugonu.
 57709 | WizLab   | Found a transporter.
 57776 | WizLab   | Found a corrupted altar of Lugonu.
 57804 | WizLab   | Gained mutation: Your muscles are strong. (Str +4, Int/Dex
                  | -1) [hidden potential]
 57860 | WizLab   | Found a transporter.
 57985 | WizLab   | Found a transporter.
 57985 | WizLab   | Found a transporter.
 58056 | WizLab   | Found a transporter.
 58056 | WizLab   | Found a transporter.
 58266 | WizLab   | Found a transporter.
 58266 | WizLab   | Found a transporter.
 58283 | WizLab   | Reached skill level 1 in Earth Magic
 58591 | WizLab   | Found a transporter.
 58591 | WizLab   | Found a transporter.
 58625 | WizLab   | Found a transporter.
 58648 | WizLab   | Reached XP level 24. HP: 237/265 MP: 25/37
 58758 | WizLab   | Identified the +2 cloak of Weur {Dex+3}
 58783 | WizLab   | Identified the +2 cloak "Dafrafroovik" {rPois rF+}
 58902 | WizLab   | Found a transporter.
 58946 | WizLab   | Found a transporter.
 58946 | WizLab   | Found a transporter.
 59179 | Depths:1 | Found Pivumar's Assorted Antiques.
 59201 | Depths:1 | Found Awot's Antique Weapon Shop.
 59256 | Depths:1 | Found Egoakh's Distillery.
 59443 | Depths:1 | Found Xaiziw's Weapon Emporium.
 59490 | Depths:1 | Found a gateway to Hell.
 59707 | Depths:1 | Reached skill level 15 in Shields
 59909 | Depths:1 | Found a hazy altar of Hepliaklqana.
 59955 | Depths:1 | Noticed Bai Suzhen
 59996 | Depths:1 | Killed Bai Suzhen
 60130 | Depths:1 | Identified the amulet "Raph" {Spirit rElec}
 60264 | Depths:1 | Identified the +0 great mace of the Dancing Gods {freeze,
                  | rN+ Will- Dex+6}
 60809 | Depths:1 | Identified the +8 shortbow of Gehenna {speed, +Blink rN++
                  | Str-4 Int+3}
 60886 | Depths:1 | Bought a runed eveningstar for 684 gold pieces
 61139 | Depths:2 | Noticed Norris
 61152 | Depths:2 | Killed Norris
 61243 | Depths:2 | Noticed a juggernaut
 61441 | Depths:2 | Gained mutation: Your system is resistant to poisons.
                  | (rPois) [hidden potential]
 61441 | Depths:2 | Lost mutation: You have hidden genetic potential. [hidden
                  | potential expressed]
 61848 | Depths:2 | Reached XP level 25. HP: 197/273 MP: 32/37
 62389 | Depths:2 | Identified the +8 scimitar "Zuatah" {heavy, Str+4}
 62613 | Depths:2 | Noticed a juggernaut
 62632 | Depths:2 | Killed a juggernaut
 62633 | Depths:2 | Reached skill level 15 in Armour
 62657 | Depths:2 | Identified the ring of Goudwyts {rC+ Int+6}
 62917 | Depths:2 | Killed a juggernaut
 63593 | Depths:2 | Found a one-way gate leading to the halls of Pandemonium.
 63599 | Depths:2 | Got the Excursus on Dark Calling
 63604 | Depths:2 | Got the Codex of the Unified Compass
 63606 | Depths:2 | Got the Grimoire of Overhead Phantasms
 63613 | Depths:2 | Found a one-way gateway to a ziggurat.
 63669 | Depths:2 | Identified the death talisman "Beycs" {Str+4}
 63775 | Depths:2 | Learned a level 1 spell: Apportation
 64106 | Depths:3 | Upgraded the game from 0.31-a0-1539-g569d6c7dce to
                  | 0.31-a0-1547-g618ab1f346
 64195 | Depths:3 | Noticed Sojobo
 64382 | Depths:3 | Upgraded the game from 0.31-a0-1547-g618ab1f346 to
                  | 0.31-a0-1570-g93c622d222
 64426 | Depths:3 | Paralysed by an air elemental for 1 turns
 64428 | Depths:3 | Paralysed by an air elemental for 1 turns
 64435 | Depths:3 | Killed Sojobo
 64874 | Depths:3 | Noticed a juggernaut
 64991 | Depths:3 | Killed a juggernaut
 65350 | Depths:3 | Found a one-way gate to the infinite horrors of the Abyss.
 65742 | Depths:4 | Entered Level 4 of the Depths
 66106 | Depths:4 | Found Asoh's Book Shoppe.
 66106 | Depths:4 | Found Naihuofe's Jewellery Shop.
 66107 | Depths:4 | Found Vyar's Jewellery Shop.
 66415 | Depths:4 | Reached XP level 26. HP: 251/283 MP: 37/37
 67292 | Depths:4 | Found a gate to the Realm of Zot.
 67688 | Shoals:1 | Entered Level 1 of the Shoals
 67760 | Shoals:1 | You fall into a shaft and drop 1 floor!
 67832 | Shoals:4 | Entered Level 4 of the Shoals
 67970 | Shoals:4 | Got an azure gem with 1536 turns to spare
 67987 | Shoals:4 | Got a barnacled rune of Zot
 68087 | Shoals:4 | Identified the +1 arbalest "Fuamnien" {heavy, ^Fragile Fly
                  | rElec rPois}
 68316 | Shoals:4 | Identified the +6 mace of the Mouth {pain, rPois rC+ Will++
                  | Dex-5}
 68319 | Shoals:4 | Got the Dissertation on the Unfortunate Excursion
 69526 | Shoals:2 | Lost the azure gem through the power of Zot.Gained a life
                  | (5 lives remaining)
 69636 | Shoals:1 | Identified the +11 mace of Cowardice {drain, rElec Int+2
                  | Dex-5}
 70700 | Crypt:1  | Entered Level 1 of the Crypt
 70881 | Crypt:1  | Got Sif Muna's Handbook of Tephra
 70924 | Vaults:3 | Learned a level 4 spell: Passage of Golubria
 70984 | Vaults:5 | Entered Level 5 of the Vaults
 70996 | Vaults:5 | Reached skill level 10 in Air Magic
 71033 | Vaults:5 | Noticed a dread lich
 71560 | Vaults:4 | Killed a dread lich
 71604 | Vaults:4 | Reached XP level 27. HP: 186/291 MP: 19/37
 71841 | Vaults:5 | Got a silver rune of Zot
 71934 | Vaults:5 | Identified the ring "Diebim" {rElec rF++ rC+ Int+3 Slay+2}
 71935 | Vaults:5 | Noticed an ancient lich
 72065 | Vaults:5 | Identified the +7 tower shield of Boredom {Dex+7}
 72214 | Vaults:5 | Noticed a dread lich
 72222 | Vaults:5 | Killed a dread lich
 72351 | Vaults:5 | Killed an ancient lich
 72353 | Vaults:5 | Found Ibla's Jewellery Shoppe.
 72363 | Vaults:5 | Found Heamm's Jewellery Shoppe.
 72450 | Vaults:5 | Identified the ring of Hepnah {rPois Will++ Int-3 Slay+4
                  | Stlth+}
 72652 | Vaults:5 | Identified the +1 ring mail "Diryb" {rF+}
 72661 | Vaults:5 | Got Sif Muna's Folio of Ashes
 72828 | Vaults:5 | Identified the ring "Moluxku" {rPois Str+2}
 73527 | Vaults:5 | Got the Monograph on the Shivering Cucurbite
 75464 | Slime:1  | Gained mutation: Your body sometimes deteriorates upon
                  | taking damage. [a shining eye]
 76045 | Slime:5  | Entered Level 5 of the Pits of Slime
 76197 | Slime:5  | Noticed the Royal Jelly
 76205 | Slime:5  | Killed the Royal Jelly
 77071 | Slime:5  | Found the ring of the Tortoise {AC+8}
 77126 | Slime:5  | Got Geun's Encyclopedia of the Tincture and Formation
 77133 | Slime:5  | Identified the +0 mace "Luerhan" {protect, rC+}
 77156 | Slime:5  | Got the Encyclopedia of Enchanting Rot
 77160 | Slime:5  | Identified the +9 spear "String" {spect, Str+3 Int+4}
 77186 | Slime:5  | Got a slimy rune of Zot
 77667 | Hell     | Entered the Vestibule of Hell
 77667 | Hell     | Noticed Geryon
 77691 | Hell     | Killed Geryon
 78182 | Hell     | Reached skill level 15 in Translocations
 78304 | Hell     | Found a gateway to the decaying netherworld of Tartarus.
 78378 | Hell     | Found a gateway to the ashen valley of Gehenna.
 78416 | Hell     | Found a gateway to the Iron City of Dis.
 78444 | Hell     | Found a gateway to the freezing wastes of Cocytus.
 78690 | Zot:1    | Entered Level 1 of the Realm of Zot
 79414 | Zot:1    | Found a stormy altar of Qazlal.
 79610 | Zot:1    | Reached skill level 15 in Throwing
 81213 | Elf:1    | Bought a scroll of enchant armour for 217 gold pieces
 81548 | D:15     | Killed Tenar's ghost
 81716 | Depths:1 | Bought a potion of resistance for 170 gold pieces
 81716 | Depths:1 | Bought a potion of heal wounds for 85 gold pieces
 81716 | Depths:1 | Bought a potion of ambrosia for 136 gold pieces
 81716 | Depths:1 | Bought a potion of curing for 51 gold pieces
 81716 | Depths:1 | Bought a potion of ambrosia for 136 gold pieces
 81716 | Depths:1 | Bought a potion of curing for 51 gold pieces
 81716 | Depths:1 | Bought a potion of mutation for 136 gold pieces
 81972 | Orc:2    | Bought a scroll of teleportation for 111 gold pieces
 81972 | Orc:2    | Bought a potion of heal wounds for 185 gold pieces
 81972 | Orc:2    | Bought a potion of curing for 111 gold pieces
 81972 | Orc:2    | Bought a potion of heal wounds for 185 gold pieces
 81974 | Orc:2    | Bought a scroll of teleportation for 108 gold pieces
 81998 | Orc:2    | Bought a phantom mirror for 1440 gold pieces
 82152 | D:10     | Bought a potion of curing for 90 gold pieces
 82463 | Pan      | Entered Pandemonium
 82474 | Pan      | Noticed Uvvutoh the pandemonium lord
 82488 | Pan      | Killed Uvvutoh the pandemonium lord
 82611 | Pan      | Found an exit through the horrors of the Abyss.
 82763 | Pan      | Found a transporter.
 82779 | Pan      | Found a transporter.
 82821 | Pan      | Gained mutation: Your mind is very acute. (Int +8, Str/Dex
                  | -2) [a cacodemon]
 82822 | Pan      | Gained mutation: You expend magic power (3 MP) to
                  | strengthen your wands. [a cacodemon]
 82828 | Pan      | Reached skill level 15 in Invocations
 83057 | Pan      | Identified the +1 cloak "Vataif" {Regen+}
 83082 | Pan      | Identified the ring of Pailist {rF+ Will+ AC+4}
 83156 | Pan      | Identified the +4 scimitar "Undertaker" {flame, Fly rPois
                  | rF- rC+}
 83286 | Pan      | Learned a level 6 spell: Dispersal
 84110 | Pan      | Noticed Ygger the pandemonium lord
 84121 | Pan      | Killed Ygger the pandemonium lord
 84164 | Pan      | Got a demonic rune of Zot
 84371 | Pan      | Noticed Reohafoi the pandemonium lord
 84392 | Pan      | Killed Reohafoi the pandemonium lord
 87195 | Pan      | Noticed Weshrul the pandemonium lord
 87203 | Pan      | Killed Weshrul the pandemonium lord
 87215 | Pan      | Identified the ring "Lumoggiu" {rF+ MP+9 Str+3 Int+4}
 87277 | Pan      | Upgraded the game from 0.31-a0-1570-g93c622d222 to
                  | 0.31-a0-1576-ga3383bade6
 87332 | Pan      | Found an exit through the horrors of the Abyss.
 87543 | Pan      | Identified the +8 glaive "Didu" {antimagic, rF+++}
 87693 | Pan      | Noticed Geiguex the pandemonium lord
 87710 | Pan      | Killed Geiguex the pandemonium lord
 87840 | Pan      | Entered the realm of Mnoleg.
 87852 | Pan      | Noticed Mnoleg
 87868 | Pan      | Killed Mnoleg
 87967 | Pan      | Got a glowing rune of Zot
 88204 | Pan      | Gained mutation: You are frail. (-10% HP) [mutagenic glow]
 88535 | Pan      | Found a transporter.
 88555 | Pan      | Found a transporter.
 88595 | Pan      | Got Ariost's Catalogue of Spectres
 88600 | Pan      | Identified the amulet "Yluwkas" {Reflect ^Drain rF+ rN++
                  | SH+5 Stlth+}
 88635 | Pan      | Identified the +7 chain mail "Waliry" {rF+ rCorr Str+3}
 88644 | Pan      | Identified the ring of Penamipt {Ice rElec}
 89057 | Pan      | Entered the realm of Cerebov.
 89304 | Pan      | Got Satruare's Discursus on the Combined Jinx
 89498 | Pan      | Identified the +0 leather armour of the Cricket {Rampage
                  | rF- rN++ SInv}
 89502 | Pan      | Found the +6 sword of Cerebov {flame}
 89502 | Pan      | Noticed Cerebov
 89546 | Pan      | Killed Cerebov
 89794 | Pan      | Got a fiery rune of Zot
 89821 | Pan      | Identified the ring "Ycong" {*Slow rPois Str+4 Dex+3
                  | Stlth+}
 90183 | Pan      | Identified the amulet of Kohueb {Faith rElec Str+3}
 90303 | Pan      | Identified the +8 flail of Ruycur {venom, rElec rC+}
 90306 | Pan      | Identified the ring "Woafooqa" {rC+ rCorr EV+5 Str+4 Int-5
                  | Dex+3}
 90496 | Pan      | Found an exit through the horrors of the Abyss.
 91278 | Pan      | Gained mutation: You occasionally lose the ability to read
                  | scrolls when taking damage. [a neqoxec]
 91494 | Pan      | Noticed Xyekul the pandemonium lord
 91519 | Pan      | Killed Xyekul the pandemonium lord
 91521 | Pan      | Lost mutation: Your muscles are strong. (Str +4, Int/Dex
                  | -1) [a neqoxec]
 91638 | Pan      | Entered the realm of Lom Lobon.
 92224 | Pan      | Noticed Lom Lobon
 92255 | Pan      | Killed Lom Lobon
 92295 | Pan      | Got a magical rune of Zot
 92933 | Pan      | Noticed Ocrailawk the pandemonium lord
 92941 | Pan      | Killed Ocrailawk the pandemonium lord
 93241 | Pan      | Noticed Usekef the pandemonium lord
 93261 | Pan      | Killed Usekef the pandemonium lord
 93383 | Pan      | Entered the realm of Gloorx Vloq.
 93442 | Pan      | Paralysed by a Zot trap for 5 turns
 93565 | Pan      | Noticed Gloorx Vloq
 93596 | Pan      | Killed Gloorx Vloq
 93619 | Pan      | Got a dark rune of Zot
 93794 | Pan      | Found an exit through the horrors of the Abyss.
 94379 | Pan      | Noticed Weiduun Irec the pandemonium lord
 94391 | Pan      | Killed Weiduun Irec the pandemonium lord
 94959 | Pan      | Identified the +7 falchion of the Evening {antimagic,
                  | ^Drain rC+ Dex+3}
 95196 | Pan      | Noticed Kuhoul the pandemonium lord
 95320 | Pan      | Found an exit through the horrors of the Abyss.
 95397 | Pan      | Killed Kuhoul the pandemonium lord
 95495 | Pan      | Found a runed translucent door.
 96437 | Pan      | Noticed Baehival the pandemonium lord
 96463 | Pan      | Reached skill level 15 in Evocations
 96464 | Pan      | Killed Baehival the pandemonium lord
 97088 | Pan      | Noticed Ixzad the pandemonium lord
 97099 | Pan      | Killed Ixzad the pandemonium lord
 97474 | Pan      | Acquired a manual of Air Magic
 97702 | Pan      | Found a runed translucent door.
 97714 | Pan      | Found a runed translucent door.
 97718 | Pan      | Found a runed translucent door.
 97720 | Pan      | Found a runed translucent door.
 97720 | Pan      | Noticed Woentu the pandemonium lord
 97730 | Pan      | Killed Woentu the pandemonium lord
 97985 | Pan      | Noticed Izxecw the pandemonium lord
 98005 | Pan      | Killed Izxecw the pandemonium lord
 98036 | Pan      | Found an exit through the horrors of the Abyss.
 98107 | Pan      | Reached skill level 5 in Earth Magic
 98284 | Pan      | Reached skill level 15 in Dodging
 98527 | Pan      | Identified the staff "Nidutot" {rElec rC+ Will- rCorr Tloc
                  | Ice}
 98761 | Pan      | Noticed Cixtid the pandemonium lord
 98769 | Pan      | Killed Cixtid the pandemonium lord
 98954 | Pan      | Found an exit through the horrors of the Abyss.
 99147 | Pan      | Noticed Hyzor the pandemonium lord
 99169 | Pan      | Killed Hyzor the pandemonium lord
 99670 | Pan      | Gained mutation: Your body often deteriorates upon taking
                  | damage. [a cacodemon]
 99706 | Pan      | Found an exit through the horrors of the Abyss.
100178 | Pan      | Noticed Juharghohuo the pandemonium lord
100188 | Pan      | Killed Juharghohuo the pandemonium lord
100769 | Pan      | Found a huge runed translucent gate.
100769 | Pan      | Found a huge runed translucent gate.
100770 | Pan      | Found a huge runed translucent gate.
100771 | Pan      | Found a huge runed translucent gate.
100772 | Pan      | Found a huge runed translucent gate.
100773 | Pan      | Found a huge runed translucent gate.
100774 | Pan      | Found a huge runed translucent gate.
100793 | Pan      | Noticed Appira Usta the pandemonium lord
100816 | Pan      | Killed Appira Usta the pandemonium lord
101060 | Pan      | Noticed Roteum the pandemonium lord
101068 | Pan      | Killed Roteum the pandemonium lord
101080 | Pan      | Identified the ring "Ykient" {rCorr MP+9 Str+5}
101326 | Pan      | Found an exit through the horrors of the Abyss.
101907 | Pan      | Reached skill level 15 in Air Magic
101930 | Pan      | Found a huge runed translucent gate.
102080 | Pan      | Found a huge runed translucent gate.
102081 | Pan      | Found a huge runed translucent gate.
102081 | Pan      | Found a huge runed translucent gate.
102081 | Pan      | Found a huge runed translucent gate.
102081 | Pan      | Found a huge runed translucent gate.
102099 | Pan      | Found an exit through the horrors of the Abyss.
102310 | Pan      | Noticed Kocvioss the pandemonium lord
102335 | Pan      | Killed Kocvioss the pandemonium lord
102637 | Pan      | Noticed Tusaarit the pandemonium lord
102642 | Pan      | Killed Tusaarit the pandemonium lord
102659 | Pan      | Gained mutation: You occasionally lose the ability to drink
                  | potions when taking damage. [a cacodemon]
102762 | Pan      | Reached skill level 10 in Earth Magic
102896 | Pan      | Noticed Odiqusuv the pandemonium lord
102918 | Pan      | Killed Odiqusuv the pandemonium lord
102960 | Pan      | Found an exit through the horrors of the Abyss.
102999 | Pan      | Noticed Uplol the pandemonium lord
103026 | Pan      | Killed Uplol the pandemonium lord
103066 | Pan      | Found an exit through the horrors of the Abyss.
103475 | Pan      | Noticed Seon the pandemonium lord
103482 | Pan      | Killed Seon the pandemonium lord
103560 | Pan      | Got Poitza's Lectures on the Massed Icicle
103608 | Pan      | Identified the +8 tower shield of the Wary Bounties {Will+}
103770 | Pan      | Noticed Tiafitodgh the pandemonium lord
104309 | Pan      | Found an exit through the horrors of the Abyss.
104650 | Pan      | Found an exit through the horrors of the Abyss.
104822 | Pan      | Gained mutation: You sometimes lose your temper in combat.
                  | [a cacodemon]
104840 | Pan      | Gained mutation: You frequently scream uncontrollably at
                  | your foes. [a cacodemon]
104860 | Pan      | Noticed Refeip the pandemonium lord
104866 | Pan      | Killed Refeip the pandemonium lord
104964 | Pan      | Identified the +7 shortbow "Bate" {heavy, *Slow Str+4 SInv}
105186 | Pan      | Identified the +5 tower shield "Ekhlifum" {Will+ Dex+6}
105344 | Pan      | Found an exit through the horrors of the Abyss.
105366 | Pan      | Noticed Fuifemma the pandemonium lord
105385 | Pan      | Killed Fuifemma the pandemonium lord
106088 | Pan      | Noticed Ogorr the pandemonium lord
106102 | Pan      | Killed Ogorr the pandemonium lord
106537 | Pan      | Identified the +10 morningstar of Coly {spect, rElec Will+
                  | Str-3}
106952 | Pan      | Noticed Paxkoi the pandemonium lord
106963 | Pan      | Killed Paxkoi the pandemonium lord
107704 | Pan      | Found an exit through the horrors of the Abyss.
107716 | Pan      | Noticed Rymed the pandemonium lord
107726 | Pan      | Killed Rymed the pandemonium lord
107736 | Pan      | Gained mutation: Your spells are a little easier to cast,
                  | but a little less powerful. [a cacodemon]
107741 | Pan      | Identified the +5 great mace "Ujoqurat" {flame, *Slow rElec
                  | rPois Will++}
107767 | Pan      | Noticed Joipom the pandemonium lord
107777 | Pan      | Killed Joipom the pandemonium lord
108031 | Pan      | Noticed Hurphil Pupyj the pandemonium lord
108042 | Pan      | Killed Hurphil Pupyj the pandemonium lord
108074 | Depths:2 | Escaped Pandemonium
108265 | Pan      | Entered Pandemonium
108707 | Pan      | Noticed Denadyva the pandemonium lord
108709 | Pan      | Killed Denadyva the pandemonium lord
108871 | Pan      | Noticed Zeuqen the pandemonium lord
108874 | Pan      | Killed Zeuqen the pandemonium lord
109078 | Pan      | Noticed Rusuvo the pandemonium lord
109082 | Pan      | Lost mutation: Your mind is very acute. (Int +8, Str/Dex
                  | -2) [a neqoxec]
109087 | Pan      | Killed Rusuvo the pandemonium lord
109166 | Pan      | Noticed Cytyemih the pandemonium lord
109181 | Pan      | Killed Cytyemih the pandemonium lord
109439 | Pan      | Gained mutation: You do not regenerate when monsters are
                  | visible. [a cacodemon]
109442 | Pan      | Lost mutation: You occasionally lose the ability to drink
                  | potions when taking damage. [potion of mutation]
109442 | Pan      | Lost mutation: Your spells are a little easier to cast, but
                  | a little less powerful. [potion of mutation]
109442 | Pan      | Lost mutation: You do not regenerate when monsters are
                  | visible. [potion of mutation]
109442 | Pan      | Gained mutation: You are partially covered in iridescent
                  | scales. (AC +2) [potion of mutation]
109917 | Pan      | Noticed Eczossiq the pandemonium lord
109927 | Pan      | Killed Eczossiq the pandemonium lord
110112 | Pan      | Found an exit through the horrors of the Abyss.
110133 | Pan      | Noticed Violimn the pandemonium lord
110142 | Pan      | Killed Violimn the pandemonium lord
110425 | Pan      | Reached skill level 27 in Invocations
110736 | Pan      | Found an exit through the horrors of the Abyss.
110749 | Depths:2 | Escaped Pandemonium
110754 | Pan      | Entered Pandemonium
111128 | Pan      | Reached skill level 27 in Fighting
111677 | Pan      | Noticed Zaeng the pandemonium lord
111700 | Pan      | Killed Zaeng the pandemonium lord
111912 | Pan      | Noticed Irghoako the pandemonium lord
111920 | Pan      | Killed Irghoako the pandemonium lord
112072 | Pan      | Noticed Xaedeid the pandemonium lord
112078 | Abyss:5  | Found a corrupted altar of Lugonu.
112078 | Abyss:5  | Cast into level 5 of the Abyss (Xaedeid)
112080 | Abyss:5  | Lost mutation: You are frail. (-10% HP) [potion of
                  | mutation]
112080 | Abyss:5  | Lost mutation: You sometimes lose your temper in combat.
                  | [potion of mutation]
112080 | Abyss:5  | Gained mutation: Your mind is very acute. (Int +8, Str/Dex
                  | -2) [potion of mutation]
112112 | Abyss:5  | Found a corrupted altar of Lugonu.
112224 | Abyss:5  | Got an abyssal rune of Zot
112309 | Abyss:5  | Identified the +6 tower shield of Autotheism {rPois}
112324 | Abyss:5  | Paralysed by accursed screaming for 1 turns
112326 | Pan      | Escaped the Abyss
112341 | Pan      | Killed Xaedeid the pandemonium lord
112499 | Depths:2 | Escaped Pandemonium
112562 | Pan      | Entered Pandemonium
112562 | Pan      | Found an exit through the horrors of the Abyss.
112618 | Pan      | Identified the +0 cloak of Courage {Fly SInv}
112647 | Pan      | Identified the +4 cloak of Bastrull {rElec rPois Stlth-}
112961 | Pan      | Noticed Moakenol the pandemonium lord
113011 | Pan      | Killed Moakenol the pandemonium lord
113261 | Pan      | Gained mutation: You sometimes lose your temper in combat.
                  | [a neqoxec]
113266 | Pan      | Lost mutation: Your system is resistant to poisons. (rPois)
                  | [potion of mutation]
113266 | Pan      | Lost mutation: You are partially covered in iridescent
                  | scales. (AC +2) [potion of mutation]
113266 | Pan      | Lost mutation: You occasionally lose the ability to read
                  | scrolls when taking damage. [potion of mutation]
113266 | Pan      | Gained mutation: You occasionally lose the ability to read
                  | scrolls when taking damage. [potion of mutation]
113266 | Pan      | Gained mutation: You passively map a small area around you.
                  | [potion of mutation]
113267 | Pan      | Lost mutation: Your mind is very acute. (Int +8, Str/Dex
                  | -2) [potion of mutation]
113267 | Pan      | Lost mutation: Your body often deteriorates upon taking
                  | damage. [potion of mutation]
113267 | Pan      | Gained mutation: Your muscles are strong. (Str +4, Int/Dex
                  | -1) [potion of mutation]
113267 | Pan      | Lost mutation: You sometimes lose your temper in combat.
                  | [potion of mutation]
113304 | Pan      | Got the Tome of the Familiar Deep Freeze
113386 | Pan      | Identified the +5 dagger "Essuyrch" {heavy, rElec Str-3
                  | Int+3 Dex+5}
113389 | Pan      | Found an exit through the horrors of the Abyss.
113541 | Pan      | Found an exit through the horrors of the Abyss.
113776 | Pan      | Noticed Raynaump the pandemonium lord
113780 | Pan      | Killed Raynaump the pandemonium lord
114110 | Pan      | Noticed Deic the pandemonium lord
114123 | Pan      | Killed Deic the pandemonium lord
114286 | Pan      | Noticed Alaeli Fodo the pandemonium lord
114289 | Pan      | Killed Alaeli Fodo the pandemonium lord
114604 | Pan      | Found an exit through the horrors of the Abyss.
114705 | Pan      | Noticed Ilum the pandemonium lord
114717 | Pan      | Killed Ilum the pandemonium lord
114750 | Depths:2 | Escaped Pandemonium
114752 | Pan      | Entered Pandemonium
114768 | Pan      | Noticed Rase Maj the pandemonium lord
114783 | Pan      | Killed Rase Maj the pandemonium lord
114784 | Pan      | Gained mutation: Your spells are a little easier to cast,
                  | but a little less powerful. [a cacodemon]
114868 | Pan      | Found an exit through the horrors of the Abyss.
114969 | Pan      | Noticed Hunlyisi the pandemonium lord
114974 | Pan      | Killed Hunlyisi the pandemonium lord
115014 | Pan      | Noticed a seraph
115014 | Pan      | Found a glowing golden altar of the Shining One.
115030 | Pan      | Killed a seraph
115090 | Pan      | Identified the +10 scimitar of Modesty {vamp, *Slow Will++
                  | rCorr}
115093 | Pan      | Identified the ring of Kuysidu {rF+ Str+6 Int+3 Dex+2}
115733 | Pan      | Found a glowing silver altar of Zin.
116465 | Pan      | Found a white marble altar of Elyvilon.
117378 | Depths:2 | Escaped Pandemonium
117957 | Crypt:3  | Entered Level 3 of the Crypt
118098 | Crypt:3  | Found a basalt altar of Yredelemnul.
118109 | Crypt:3  | Noticed Jory
118112 | Crypt:3  | Killed Jory
118130 | Crypt:3  | Got an ivory gem with 1382 turns to spare
118333 | Crypt:3  | Lost mutation: You passively map a small area around you.
                  | [potion of mutation]
118333 | Crypt:3  | Lost mutation: You occasionally lose the ability to read
                  | scrolls when taking damage. [potion of mutation]
118333 | Crypt:3  | Lost mutation: Your spells are a little easier to cast, but
                  | a little less powerful. [potion of mutation]
118333 | Crypt:3  | Gained mutation: You have a pair of horns on your head.
                  | [potion of mutation]
118333 | Crypt:3  | Gained mutation: You are robust. (+10% HP) [potion of
                  | mutation]
118768 | Crypt:3  | Found a staircase to the Tomb.
118915 | Crypt:3  | Identified the ring of Parugaz {Ice rN+ Will+ Str+2 Stlth+}
118915 | Crypt:3  | Noticed Josephina
118927 | Crypt:3  | Killed Josephina
119612 | Crypt:2  | Lost the ivory gem through the power of Zot.Gained a life
                  | (10 lives remaining)
119904 | Tomb:1   | Entered Level 1 of the Tomb of the Ancients
119909 | Tomb:1   | Acquired 888 gold pieces
120063 | Tomb:1   | Noticed a royal mummy
120063 | Tomb:1   | Noticed a royal mummy
120068 | Tomb:1   | Killed a royal mummy
120076 | Tomb:1   | Killed a royal mummy
120107 | Tomb:1   | Learned a level 5 spell: Silence
120432 | Tomb:2   | Noticed a royal mummy
120432 | Tomb:2   | Noticed a royal mummy
120432 | Tomb:2   | Noticed a royal mummy
120434 | Tomb:2   | Noticed a royal mummy
120493 | Tomb:2   | Reached skill level 5 in Hexes
120783 | Tomb:3   | Entered Level 3 of the Tomb of the Ancients
120790 | Tomb:3   | Found the +5 moon troll leather armour {Spirit, Regen++
                  | MP+5}
120793 | Tomb:3   | Identified the +8 battleaxe of Tartarus {venom, rF+++ Int+5
                  | Dex-4 Stlth+}
120806 | Tomb:3   | Noticed a royal mummy
120807 | Tomb:3   | Noticed a royal mummy
120808 | Tomb:3   | Got a sanguine gem with 923 turns to spare
120810 | Tomb:3   | Got a golden rune of Zot
120811 | Tomb:3   | Noticed a royal mummy
120811 | Tomb:3   | Noticed a royal mummy
120819 | Tomb:3   | Identified the ring "Joatuupp" {Ice rPois SInv}
120820 | Tomb:3   | Identified the ring of the Sun {rF- Str+6 Dex+2 Stlth+}
120822 | Tomb:3   | Identified the ring of Gar Tuuh {^Contam rPois rCorr Int+6}
120830 | Tomb:3   | Identified the ring "Ceomel" {rN+ Str+3}
120876 | Tomb:1   | Noticed a royal mummy
121474 | Hell     | Learned a level 8 spell: Disjunction
121568 | Tar:1    | Entered Level 1 of Tartarus
121569 | Tar:1    | Lost mutation: You are robust. (+10% HP) [potion of
                  | mutation]
121569 | Tar:1    | Lost mutation: You expend magic power (3 MP) to strengthen
                  | your wands. [potion of mutation]
121569 | Tar:1    | Lost mutation: Your muscles are strong. (Str +4, Int/Dex
                  | -1) [potion of mutation]
121569 | Tar:1    | Gained mutation: You have a somewhat thin skeletal
                  | structure. (Dex +2, Stealth+) [potion of mutation]
121570 | Tar:1    | Lost mutation: You frequently scream uncontrollably at your
                  | foes. [potion of mutation]
121570 | Tar:1    | Lost mutation: Your mind is acute. (Int +4, Str/Dex -1)
                  | [potion of mutation]
121570 | Tar:1    | Gained mutation: You possess an exceptional clarity of
                  | mind. [potion of mutation]
121571 | Tar:1    | Lost mutation: You occasionally shout uncontrollably at
                  | your foes. [potion of mutation]
121571 | Tar:1    | Lost mutation: You have a pair of horns on your head.
                  | [potion of mutation]
121571 | Tar:1    | Gained mutation: Your spells are a little easier to cast,
                  | but a little less powerful. [potion of mutation]
121571 | Tar:1    | Gained mutation: You have supernaturally acute eyesight.
                  | (SInv) [potion of mutation]
121572 | Tar:1    | Lost mutation: Your body sometimes deteriorates upon taking
                  | damage. [potion of mutation]
121572 | Tar:1    | Lost mutation: You have supernaturally acute eyesight.
                  | (SInv) [potion of mutation]
121572 | Tar:1    | Lost mutation: Your spells are a little easier to cast, but
                  | a little less powerful. [potion of mutation]
121572 | Tar:1    | Gained mutation: Your magical capacity is low. (-10% MP)
                  | [potion of mutation]
121572 | Tar:1    | Gained mutation: You are partially covered in iridescent
                  | scales. (AC +2) [potion of mutation]
121572 | Tar:1    | Gained mutation: You are resistant to electric shocks.
                  | (rElec) [potion of mutation]
121572 | Tar:1    | Gained mutation: You passively dampen the noise of your
                  | surroundings. [potion of mutation]
122421 | Tar:7    | Entered Level 7 of Tartarus
122424 | Tar:7    | Noticed an ancient lich
122433 | Tar:7    | Killed an ancient lich
122559 | Tar:7    | Got the Discourse on Fulmination
122563 | Tar:7    | Identified the staff "Aubergine" {Fly rElec rPois Int-3
                  | Hexes Alchemy}
122584 | Tar:7    | Got the Essays on Helpful Interference
122585 | Tar:7    | Identified the ring "Ceit" {rN+++ MP-9 Str+3 Int+2 Dex+6}
122714 | Tar:7    | Got the Folio of Dynamic Argyropoeia
122716 | Tar:7    | Got Sif Muna's Compilation of Coarse Tinctures
122720 | Tar:7    | Identified the amulet of Moov {rF+ Regen+}
122907 | Tar:7    | Identified the +2 pair of gloves of the Wary Realms {rPois
                  | rF+ SInv Stlth-}
123020 | Tar:7    | Reached skill level 10 in Hexes
123088 | Tar:7    | Identified the ring "Temaot" {MP+9 Dex-4 SInv Stlth+}
123094 | Tar:7    | Identified the +3 scale mail of Elyvilon's Outrage {^Contam
                  | rC+ rCorr Dex+3}
123151 | Tar:7    | Noticed an ancient lich
123156 | Tar:7    | Killed an ancient lich
123213 | Tar:7    | Noticed an ancient lich
123218 | Tar:7    | Killed an ancient lich
123441 | Tar:7    | Noticed Ereshkigal
123451 | Tar:7    | Killed Ereshkigal
123490 | Tar:7    | Got a bone rune of Zot
123693 | Geh:1    | Entered Level 1 of Gehenna
123903 | Geh:2    | Reached skill level 27 in Armour
123903 | Geh:2    | Reached skill level 27 in Shields
124095 | Geh:3    | Noticed a dread lich
124107 | Geh:3    | Killed a dread lich
124395 | Geh:7    | Entered Level 7 of Gehenna
124588 | Geh:7    | Found the +13 sceptre of Asmodeus
124588 | Geh:7    | Noticed Asmodeus
124607 | Geh:7    | Killed Asmodeus
124613 | Geh:7    | Got an obsidian rune of Zot
125464 | Dis:1    | Entered Level 1 of the Iron City of Dis
125774 | Dis:2    | Noticed a juggernaut
125774 | Dis:2    | Noticed a juggernaut
125827 | Dis:2    | Killed a juggernaut
125848 | Dis:2    | Killed a juggernaut
127060 | Dis:7    | Entered Level 7 of the Iron City of Dis
127334 | Dis:7    | Noticed a juggernaut
127348 | Dis:7    | Killed a juggernaut
127626 | Dis:7    | Identified the +5 battleaxe "Erait" {antimagic, *Noise
                  | rCorr Str+2 Stlth+}
127980 | Dis:7    | Found the brooch of Shielding {Spirit SH+8}
127988 | Dis:7    | Identified the +0 plate armour of Filth {rN+ Str+3}
128169 | Dis:7    | Noticed a juggernaut
128176 | Dis:7    | Killed a juggernaut
128566 | Dis:7    | Noticed the Serpent of Hell
128589 | Dis:7    | Killed the Serpent of Hell
128682 | Dis:7    | Noticed a juggernaut
128691 | Dis:7    | Killed a juggernaut
128876 | Dis:7    | Noticed Dispater
128891 | Dis:7    | Killed Dispater
128910 | Dis:7    | Identified the +5 arbalest of Objectivity {antimagic,
                  | +Blink rN+}
128912 | Dis:7    | Identified the ring of Jealousy {Wiz ^Drain rElec rPois
                  | Int+6}
128915 | Dis:7    | Got an iron rune of Zot
129064 | Coc:1    | Entered Level 1 of Cocytus
129652 | Coc:3    | Paralysed by a wendigo for 1 turns
130086 | Coc:7    | Entered Level 7 of Cocytus
130729 | Coc:7    | Noticed Antaeus
130745 | Coc:7    | Killed Antaeus
130747 | Coc:7    | Got an icy rune of Zot
130869 | Coc:7    | Identified the ring of Equivalence {Ice rElec Will+ rCorr}
130885 | Coc:7    | Identified the +3 flail of Spores {drain, Fly rN+ Str+2
                  | SInv}
131428 | Zot:2    | Noticed Parghit
131446 | Zot:2    | Killed Parghit
132472 | Zot:5    | Entered Level 5 of the Realm of Zot
132535 | Zot:5    | Acquired a manual of Earth Magic
132602 | Zot:5    | Noticed an orb of fire
132606 | Zot:5    | Noticed an orb of fire
132608 | Zot:5    | Noticed an orb of fire
132615 | Zot:5    | Got the Orb of Zot
132659 | Zot:4    | Reached skill level 27 in Translocations
132866 | Depths:3 | Noticed Waxi the pandemonium lord
132871 | Depths:3 | Killed Waxi the pandemonium lord
133116 | D:8      | Noticed Zyuhih the pandemonium lord
133127 | D:8      | Killed Zyuhih the pandemonium lord
133137 | D:8      | Noticed Iguos the pandemonium lord
133256 | D:$      | Escaped with the Orb!

Illustrated notes

Levels and vault maps discovered:
D:1:      elethiomel_arrival_shortcut, layout_loops_ring, serial_forest,
          infiniplex_forest_corner_2, infiniplex_forest_corner_1,
          infiniplex_forest_end_2, infiniplex_forest_split,
          infiniplex_forest_clump_medium, infiniplex_forest_lined_room_3,
          infiniplex_forest_clump_tiny, minmay_statues_item
D:2:      layout_basic, basic_altar
D:3:      layout_loops_ring, ashenzari_conservatory_becter
D:4:      layout_loops_corners, nicolae_overflow_hidden_temple, tso_metal_star,
          serial_forest, infiniplex_forest_lined_2,
          infiniplex_forest_clump_curved, infiniplex_forest_straight_4,
          infiniplex_forest_end_double, infiniplex_forest_corner_2,
          infiniplex_forest_straight_2
D:5:      kennysheep_spiral_hall, layout_cave_pods,
          gammafunk_temple_overflow_wave, ebering_ghost_reflecting_pool,
          gup_ossuary_entry_pyramid
D:6:      layout_cave_pools, chei_slow_surprise, mainiacjoe_overflow_paths,
          minmay_temple_entry_stoned_glass, uniq_duvessa, uniq_menkaure,
          uniq_edmund
D:7:      layout_loops_corners, ebering_ghost_reflecting_pool
D:8:      layout_gridville, gammafunk_ghost_nasty_kobolds, uniq_erica,
          uniq_maggie
D:9:      lemuel_troll_bridge, layout_basic,
          mainiacjoe_overflow_concentric_impassable
D:10:     layout_stronghold, mainiacjoe_overflow_cross_hatched,
          mainiacjoe_overflow_six_doors_small, zin_purify, dpeg_oklobed_lair,
          serial_rivers, chequers_serial_rivers_large_b,
          chequers_serial_rivers_micro_c, chequers_serial_rivers_micro_b,
          chequers_serial_rivers_room_a, chequers_serial_rivers_micro_d,
          chequers_serial_rivers_micro_a
D:11:     layout_roguey, hangedman_decor_lopped, minmay_fractal_squares_5
D:12:     layout_long_grid, hiddenorc1_lemuel, uniq_kirke
D:13:     layout_roguey, hangedman_vaults_entry_quadrant_bands, special_room
          [special_room_bee], nemelex_xobeh_ov_fountains_minmay, uniq_rupert
D:14:     layout_stronghold, kennysheep_cross_room, uniq_nessos
D:15:     grunt_enter_depths_hoard, layout_basic, gammafunk_ghost_arena,
          hangedman_decor_riveting, uniq_louise
Lair:1:   layout_layer_cave, infiniplex_staircase_pool
Lair:2:   layout_roguey
Lair:3:   layout_chaotic_city, minmay_shoals_entry_lonely_mermaid,
          nicolae_spider_entry_tight_spaces, kennysheep_catoblepas_arena,
          lemuel_fruit_fields
Lair:4:   layout_roguey, slime_entry_1, nicolae_lair_run_with_the_wolves,
          grunt_megastairs_2
Lair:5:   gammafunk_lair_ancient_temple, layout_loops_ring
Shoals:1: nicolae_shoals_offshore_bank_account, layout_shoals,
          nicolae_shoals_spring_well_temple
Shoals:2: layout_shoals
Shoals:3: layout_shoals
Shoals:4: shoals_end_hellmonk_lost_city
Spider:1: layout_spider_delve, guppyfry_spider_mini_3
Spider:2: layout_spider_delve, uniq_asterion
Spider:3: layout_spider_delve, special_room
Spider:4: hellmonk_spider_rune_endless_swarm, gammafunk_ghost_grave, drop_trap,
          uniq_mlioglotl
Slime:1:  layout_caves, nicolae_slime_getting_an_eyeful
Slime:2:  layout_caves, cheibrodos_slime_lost_civilization_4
Slime:3:  layout_caves
Slime:4:  layout_caves
Slime:5:  slime_pit_nicolae_royal_road_to_ruin
Orc:1:    layout_diamond_mine
Orc:2:    st_orc_elflike, layout_diamond_mine, basic_altar, uniq_donald,
          uniq_jorgrun
Elf:1:    nicolae_elf_arrival_no_cutting_in_line, layout_geoelf_octagon,
          serial_shops, nicolae_shop_hallway_stairs,
          nicolae_elf_blasts_and_bolts, drop_trap, minmay_shoptagon
Elf:2:    nicolae_elf_blades_splatter_lattice [nicolae_blade_lattice],
          layout_geoelf_octagon, serial_corexii_hall, chequers_hall_statues_y,
          corexii_hall_statues_l, portal_ice_cave_entry_ice_statue_one,
          nicolae_elf_stone_circles
Elf:3:    elf_hall, layout_gridlike, grunt_megastairs_5, uniq_nikola,
          uniq_zenata
Vaults:1: vaults_room_fours, nicolae_vaults_diagonal_hallway_8,
          nicolae_vaults_apartment_1, nicolae_vaults_closet_pinwheel_1,
          hangedman_vaults_stitches, nicolae_vaults_heist,
          nicolae_vaults_taking_the_gang_shopping, v_pattern_5,
          st_smaller_cells, vaults_room_pool, grunt_vaults_bifocal,
          layout_vaults_maze
Vaults:2: ontoclasm_vaults_spin, vaults_room_pool, ontoclasm_vaults_bender,
          dpeg_vaults_monster_row, nicolae_vaults_trapezoid_lopsided_1,
          nicolae_vaults_trapezoid_layered, cheibrodos_frozen_isle,
          ontoclasm_vaults_gateway, ontoclasm_vaults_twist,
          nicolae_vaults_stepped_doors, vaults_dpeg_ring,
          nicolae_vaults_trapezoid_lopsided_3, layout_vaults_omnicross,
          serial_shops, nicolae_shop_behind_doors
Vaults:3: nicolae_vaults_circle_grid_b, nicolae_vaults_cornered_office,
          v_misc_11, minmay_crypt_entry_simple_round,
          nicolae_vaults_double_plus_3, not_door_vault_mu,
          hangedman_vaults_capsules, vaults_room_semicircle,
          layout_vaults_quadrants, serial_shops, shop
Vaults:4: nicolae_vaults_yaktaur_gun_rack,
          vaults_standard_mumra_enter_the_diamond, v_rooms_5, v_rooms_2,
          nicolae_vaults_frosty_reception, nicolae_vaults_circle_grid_b,
          hangedman_vaults_nails, nicolae_vaults_house_3,
          nicolae_vaults_hexular_roomagon, vaults_room_door_ring,
          layout_vaults_chaotic_city, uniq_mennas
Vaults:5
Crypt:1:  layout_rooms
Crypt:2:  layout_misc_corridors, moated_statue
Crypt:3:  church_of_pain_bobbens, layout_chaotic_city, uniq_josephina
Tomb:1
Tomb:2
Tomb:3
Depths:1: minmay_spiral_squares, layout_small_grid, mu_enter_wizlab_3,
          hell_entry, grunt_decor_one_mirror, serial_shops,
          nicolae_shop_waterfront, nicolae_shop_hallway_stairs,
          nicolae_take_the_stairs, shop, nicolae_lakefront_shop,
          nicolae_hepliaklqana_hazy_memory, uniq_bai_suzhen
Depths:2: box_level_dp, hell_entry, pan_entry, uniq_norris
Depths:3: evilmike_cross, layout_cave_pools,
          nicolae_abyss_entry_one_way_or_another, hell_entry,
          grunt_decor_resistance, infiniplex_staircase_squiggle, uniq_sojobo
Depths:4: evilmike_zot_entry_round, layout_cave_shapes, hell_entry, pan_entry,
          minmay_shop_grove
Hell
Dis:1:    layout_subdivisions, serial_glass, glass_columns_b, glass_columns_b
Dis:2:    layout_subdivisions, nicolae_dis_step_into_the_octagon
Dis:3:    layout_subdivisions
Dis:4:    layout_regular_city
Dis:5:    layout_overlapping_boxes, nicolae_dis_strange_trophy_room
Dis:6:    layout_overlapping_boxes
Dis:7:    dis_grunt_layers
Geh:1:    layout_gehenna_pools_box
Geh:2:    layout_gehenna_lava_caves, nicolae_geh_fourpack
Geh:3:    layout_gehenna_lava_caves, lemuel_flamethrower_3
Geh:4:    layout_gehenna_pools_basic
Geh:5:    layout_gehenna_lava_caves
Geh:6:    layout_gehenna_pools_triple
Geh:7:    geh_hangedman
Coc:1:    layout_cocytus_water_paths
Coc:2:    nicolae_coc_through_the_icewall, layout_cocytus_water_paths
Coc:3:    layout_ice_bergs
Coc:4:    nicolae_hells_demon_pit, layout_ice_bergs
Coc:5:    layout_cocytus_water_paths
Coc:6:    layout_cocytus_water_paths
Coc:7:    coc_old
Tar:1:    layout_grid_maze, nicolae_tar_cuneiform_oil,
          nicolae_tar_cuneiform_water
Tar:2:    layout_grid_maze
Tar:3:    layout_grid_maze
Tar:4:    layout_honeycomb
Tar:5:    layout_honeycomb, nicolae_tar_just_some_guys
Tar:6:    nicolae_hells_titanomachy
Tar:7:    tar_old
Zot:1:    layout_gridlike, regret_index_zotdec_storm_pass
Zot:2:    layout_basic, regret_index_zotdec_barnacled_alternative,
          st_small_dragon_hoard_5, st_small_dragon_hoard_2, uniq_parghit
Zot:3:    layout_basic, regret_index_zotdec_twisting_globes
Zot:4:    layout_basic
Zot:5:    layout_misc_corridors

Skill      XL: |  1  2  3  4  5  6  7  8  9 10 11 12 13 14 15 16 17 18 19 20 21 22 23 24 25 26 27 |
---------------+----------------------------------------------------------------------------------+-----
Conjurations   | 1 |  1.0
Fighting       | 1 2 3 4 5 7 9 10 13 16 19 20 27 | 27.0
Air Magic      | 3 5 6 10 17 | 17.0
Maces & Flails | 1 2 3 4 5 6 8 10 11 13 14 15 17 19 21 22 26 | 26.0
Spellcasting   | 3 5 6 7 10 | 10.0
Invocations    | 1 2 3 5 6 7 9 10 12 14 27 | 27.0
Dodging        | 2 4 5 8 10 20 | 20.0
Armour         | 2 3 4 5 7 10 11 12 14 18 20 27 | 27.0
Evocations     | 1 3 4 6 8 10 20 | 20.0
Translocations | 2 4 6 8 10 11 27 | 27.0
Throwing       | 3 5 8 10 12 21 | 21.9
Hexes          | 3 4 10 | 10.0
Shields        | 4 11 14 16 27 | 27.0
Earth Magic    | 1 4 10 | 10.0
Stealth        | |  1.4

Action                     |  1- 3 |  4- 6 |  7- 9 | 10-12 | 13-15 | 16-18 | 19-21 | 22-24 | 25-27 || total
---------------------------+-------+-------+-------+-------+-------+-------+-------+-------+-------++-------
  Melee: Unarmed           |     9 |       |       |       |       |       |       |       |       ||     9
         Club              |   658 |       |       |       |       |       |       |       |       ||   658
         Headbutt          |   206 |    25 |    50 |   102 |   190 |   179 |   233 |   625 |  3633 ||  5243
         Punch             |    13 |       |       |     1 |       |       |       |       |       ||    14
         Mace              |    20 |    20 |       |       |       |       |       |       |       ||    40
         Dire flail        |       |   109 |   175 |   266 |       |       |       |       |       ||   550
         Flail             |       |       |     1 |    34 |    11 |       |       |    49 |     6 ||   101
         Kick              |       |       |       |   150 |   291 |   264 |   325 |   335 |       ||  1365
         Giant club        |       |       |       |   109 |   642 |       |       |       |       ||   751
         Giant spiked club |       |       |       |       |    45 |   622 |   640 |   103 |       ||  1410
         Sacred scourge    |       |       |       |       |       |       |       |  1002 |  6815 ||  7817
         Eveningstar       |       |       |       |       |       |       |       |   663 |  3192 ||  3855
  Throw: Dart              |    20 |     8 |       |    27 |    31 |    13 |     1 |     7 |     2 ||   109
         Large rock        |       |       |       |     3 |       |       |     1 |     8 |   268 ||   280
         Javelin           |       |       |       |       |       |       |       |     6 |     6 ||    12
   Cast: Shock             |    28 |    46 |   105 |    92 |    67 |    11 |       |       |       ||   349
         Vhi's Electric Ch |       |       |       |    12 |    87 |    67 |    76 |   115 |   435 ||   792
         Passwall          |       |       |       |     4 |     2 |     2 |       |       |       ||     8
         Swiftness         |       |       |       |     2 |     2 |     2 |       |     1 |       ||     7
         Blink             |       |       |       |       |    21 |     8 |    12 |    25 |    69 ||   135
         Manifold Assault  |       |       |       |       |       |       |       |    33 |    21 ||    54
         Lesser Beckoning  |       |       |       |       |       |       |       |    54 |   372 ||   426
         Dimensional Bulls |       |       |       |       |       |       |       |     2 |     5 ||     7
         Apportation       |       |       |       |       |       |       |       |       |   136 ||   136
         Passage of Golubr |       |       |       |       |       |       |       |       |    13 ||    13
         Disjunction       |       |       |       |       |       |       |       |       |     7 ||     7
 Invoke: Divine Shield     |       |     1 |     4 |     4 |     1 |     8 |     5 |    10 |    47 ||    80
         Cleansing Flame   |       |       |       |     3 |     1 |     2 |     2 |     6 |   152 ||   166
         Summon Divine War |       |       |       |       |     4 |     4 |     4 |    11 |   156 ||   179
         Brand Weapon With |       |       |       |       |     1 |       |       |       |       ||     1
  Evoke: Wand              |       |       |    11 |    16 |    11 |     1 |     5 |    15 |    47 ||   106
         Sack of spiders   |       |       |       |       |       |       |     1 |     2 |     3 ||     6
         Lightning rod     |       |       |       |       |       |       |       |     7 |     5 ||    12
         Tin of tremorston |       |       |       |       |       |       |       |       |     2 ||     2
         Phial of floods   |       |       |       |       |       |       |       |       |     2 ||     2
         Phantom mirror    |       |       |       |       |       |       |       |       |     2 ||     2
    Use: Scroll            |       |     5 |     3 |     5 |    11 |    15 |     2 |    12 |    87 ||   140
         Potion            |       |     1 |     2 |     3 |     3 |     6 |     9 |    11 |    70 ||   105
   Stab: Sleeping          |     1 |     3 |       |       |       |       |       |       |       ||     4
 Armour: Robe              |    72 |    82 |   114 |     4 |       |       |       |       |       ||   272
         Skin              |       |    33 |       |       |       |       |       |       |       ||    33
         Swamp dragon scal |       |       |       |    79 |       |   598 |   675 |   746 |       ||  2098
         Troll leather arm |       |       |       |   219 |   626 |    54 |       |       |       ||   899
         Gold dragon scale |       |       |       |       |       |       |       |   126 |  4366 ||  4492
  Dodge: Dodged            |    60 |    70 |    87 |   162 |   386 |   384 |   326 |   458 |  2712 ||  4645
         Repelled          |     4 |       |       |       |       |       |       |       |       ||     4
  Block: Other             |       |     2 |    11 |    72 |    23 |    41 |    30 |     7 |       ||   186
         Tower shield      |       |       |       |       |       |       |       |  1133 | 10678 || 11811
         Reflection        |       |       |       |       |       |       |       |       |   279 ||   279

Table legend: (Time is in decaauts)
 A = Elapsed time spent in this place.
 B = Non-inter-level travel time spent in this place.
 C = Inter-level travel time spent in this place.
 D = Time resting spent in this place.
 E = Time spent auto-exploring this place.
 F = Levels seen in this place.
 G = Mean time per level.
                   A        B        C        D        E       F      G
               +--------+--------+--------+--------+--------+-----+--------+
         Total | 129346 | 115793 |  13553 |  34364 |  22994 | 235 |  550.4 |
       Dungeon |  22688 |  17773 |   4915 |   2784 |   8746 |  15 | 1512.5 |
          Lair |   8752 |   7425 |   1327 |   2439 |   3225 |   5 | 1750.4 |
        Shoals |   2595 |   2449 |    146 |    142 |   1287 |   4 |  648.8 |
   Spider Nest |   6412 |   5980 |    432 |   2357 |   1011 |   4 | 1603.0 |
    Slime Pits |   1742 |   1693 |     49 |    956 |      0 |   5 |  348.4 |
  Orcish Mines |   1383 |   1025 |    358 |      0 |    253 |   2 |  691.5 |
   Elven Halls |   6842 |   6298 |    544 |   2769 |    578 |   3 | 2280.7 |
        Vaults |  15603 |  13100 |   2503 |   6296 |   1447 |   5 | 3120.6 |
         Crypt |   2142 |   1980 |    162 |      3 |   1057 |   3 |  714.0 |
          Tomb |   1107 |   1012 |     95 |    459 |      0 |   3 |  369.0 |
        Depths |  10974 |   8786 |   2188 |   3252 |   1088 |   4 | 2743.5 |
          Hell |    994 |    860 |    134 |    183 |      0 |   1 |  994.0 |
           Dis |   3313 |   3139 |    174 |   1474 |      0 |   7 |  473.3 |
       Gehenna |   1547 |   1532 |     15 |    309 |      0 |   7 |  221.0 |
       Cocytus |   2026 |   1869 |    157 |   1041 |      0 |   7 |  289.4 |
      Tartarus |   1815 |   1746 |     69 |    125 |      2 |   7 |  259.3 |
           Zot |   2896 |   2616 |    280 |    363 |   1041 |   5 |  579.2 |
         Abyss |    249 |    249 |      0 |      0 |      0 |   1 |  249.0 |
   Pandemonium |  32503 |  32503 |      0 |   7753 |   3072 | 144 |  225.7 |
       Ossuary |    843 |    843 |      0 |    397 |      0 |   1 |  843.0 |
      Ice Cave |   1174 |   1174 |      0 |    364 |    187 |   1 | 1174.0 |
        Wizlab |   1737 |   1737 |      0 |    895 |      0 |   1 | 1737.0 |
               +--------+--------+--------+--------+--------+-----+--------+

Top non-repeatable levels by time:
Depths:2: 4020 daAuts
Vaults:2: 3613 daAuts
Depths:1: 3411 daAuts
Vaults:1: 3367 daAuts
Vaults:3: 3357 daAuts
Vaults:4: 3264 daAuts
  Lair:3: 2934 daAuts
   Elf:3: 2729 daAuts
   Elf:2: 2579 daAuts
     D:1: 2255 daAuts
    D:13: 2087 daAuts
Depths:4: 2024 daAuts
Vaults:5: 2001 daAuts
Spider:2: 1960 daAuts
Spider:4: 1873 daAuts
